 Dungeon Crawl Stone Soup version 0.20-a0-266-gdedccd6 (webtiles) character file.

1181564 Herrn the Petrodigitator (level 27, -37/317 (321) HPs)
             Began as a Naga Monk on Nov 30, 2016.
             Was the Champion of Cheibriados.
             Killed from afar by a Hell Sentinel (50 damage)
             ... with damnation
             ... on level 4 of a ziggurat on Dec 5, 2016.
             The game lasted 07:21:44 (102047 turns).

Herrn the Petrodigitator (Naga Monk)              Turns: 102047, Time: 07:21:45

HP:   -37/317 (321) AC: 35    Str: 38    XL:     27
MP:   0/61          EV: 26    Int: 23    God:    Cheibriados [******]
Gold: 13066         SH: 23    Dex: 29    Spells: 26/80 levels left

rFire  + + +     SeeInvis +     H - +8 broad axe "Futwoh" {flame, rElec rPois MP+9 Int-4}
rCold  + + .     Gourm    .     (armour currently unavailable)
rNeg   + + +     Faith    .     t - +5 shield of Ruluschag {-Tele rPois rF+ rN+}
rPois  ∞         Spirit   +     Q - +0 Maxwell's etheric cage {RegenMP+ *Contam rElec MP+4}
rElec  +         Reflect  .     f - +4 dragonskin cloak
rCorr  .         Harm     .     (gloves currently unavailable)
MR     +++..     Rnd*Rage +     (no barding)
Stlth  ++++++++.. NoTele   +    r - amulet of Ecwez {Spirit +Fly rC++}
                                e - ring "Awkyfa" {rF+ rN+ Str+6 Stlth+}
                                n - ring "Efobefem" {rF+ rN+ Str+2 Int-4}

@: statue-form, regenerating, studying 2 skills, deflect missiles, very slow
A: rugged brown scales 1, see invisible, berserk 2, clumsy 1, deformed body,
frail 2, low mp 1, poison resistance, screaming 2, (slowness 0), slow
regeneration 1, slow metabolism 1, spit poison 1, teleportitis 1, weak 2,
subdued magic 1, constrict 1, AC +9
}: 9/15 runes: decaying, serpentine, slimy, silver, golden, iron, obsidian,
bone, abyssal
a: Spit Poison, End Transformation, Bend Time, Temporal Distortion, Slouch, Step
From Time, Renounce Religion, Evoke Flight


You were on level 4 of a ziggurat.
You worshipped Cheibriados.
Cheibriados was exalted by your worship.
You were hungry.
You were a stone statue.
You visited 17 branches of the dungeon, and saw 82 of its levels.
You visited the Abyss 3 times.
You visited 1 bazaar.
You visited 2 ziggurats, and saw 28 of their levels (deepest: 24).
You also visited: Labyrinth, Sewer and Bailey.

You collected 15135 gold pieces.
You spent 2069 gold pieces at shops.

Inventory:

Hand Weapons
 k - the +9 broad axe of the Lame Duck {drain, Str+3}
   (You took it off an iron imp on level 7 of the Iron City of Dis)

   A truly terrible weapon, it drains the life of those it strikes.
   It affects your strength (+3).
 H - the +8 broad axe "Futwoh" (weapon) {flame, rElec rPois MP+9 Int-4}
   (Okawaru gifted it to you on level 3 of the Depths)

   It has been specially enchanted to burn those struck by it, causing extra
   injury to most foes and up to half again as much damage against particularly
   susceptible opponents.
   Big, fiery blades are also staple armaments of hydra-hunters.
   It affects your intelligence (-4).
   It insulates you from electricity.
   It protects you from poison.
   It affects your magic capacity (+9).
 T - a +9 broad axe of chopping
Armour
 a - the +2 hat of the Bear Spirit {Spirit, +Rage rN+ MR++}
   (You found it on level 3 of the Elven Halls)

   It protects you from negative energy.
   It affects your resistance to hostile enchantments.
   It lets you go berserk.
 f - the +4 dragonskin cloak (worn)
   (You took it off Tiamat on level 4 of the Realm of Zot)
 l - a +4 naga barding of cold resistance (melded)
 t - the +5 shield of Ruluschag (worn) {-Tele rPois rF+ rN+}
   (Okawaru gifted it to you on level 4 of the Vaults)

   It protects you from fire.
   It protects you from poison.
   It protects you from negative energy.
   It prevents most forms of teleportation.
 P - the +5 faerie dragon scales (melded) {rCorr Str+3 Dex+2}
   (You took it off the Enchantress on level 4 of the Depths)

   It affects your strength (+3).
   It affects your dexterity (+2).
   It protects you from acid and corrosion.
 Q - the +0 Maxwell's etheric cage (worn) {RegenMP+ *Contam rElec MP+4}
   (You found it on level 12 of a ziggurat)

   It insulates you from electricity.
   It affects your magic capacity (+4).
   It causes magical contamination when unequipped.
 V - a +4 naga barding of flying
 W - the +7 large shield of Melel {Stlth+}
   (You acquired it on level 3 of the Tomb of the Ancients)

   It makes you more stealthy.
 X - the +0 pair of fencer's gloves (melded) {+Riposte Dex+3}
   (You found it on level 10 of a ziggurat)

   It affects your dexterity (+3).
Jewellery
 e - the ring "Awkyfa" (right hand) {rF+ rN+ Str+6 Stlth+}
   (You found it on level 3 of the Tomb of the Ancients)

   [ring of stealth]

   It affects your strength (+6).
   It protects you from fire.
   It protects you from negative energy.
   It makes you more stealthy.
 i - an uncursed ring of resist corrosion
 j - the ring of the Voivode {rN+ Str+4 Int+2}
   (You found it on level 3 of the Crypt)

   [ring of positive energy]

   It affects your strength (+4).
   It affects your intelligence (+2).
   It protects you from negative energy.
 n - the ring "Efobefem" (left hand) {rF+ rN+ Str+2 Int-4}
   (You found it on level 3 of the Crypt)

   [ring of positive energy]

   It affects your strength (+2).
   It affects your intelligence (-4).
   It protects you from fire.
   It protects you from negative energy.
 o - the amulet of the Four Winds {rN+ MR+++ Clar}
   (You took it off a deep elf mage on level 3 of the Elven Halls)

   [amulet of nothing]

   It protects you from negative energy.
   It affects your resistance to hostile enchantments.
   It protects you against confusion.
 r - the amulet of Ecwez (around neck) {Spirit +Fly rC++}
   (You found it on level 7 of Gehenna)

   [amulet of guardian spirit]

   It causes incoming damage to be split between your health and magic.
   It greatly protects you from cold.
   It lets you fly.
 A - the amulet of Ojaaneup {rF+ Regen+}
   (You found it on level 3 of the Elven Halls)

   [amulet of regeneration]

   It protects you from fire.
   It increases your rate of regeneration.
 F - a +4 amulet of reflection
 O - the ring of Due Proportion {rElec rN+ Int+4 Stlth+}
   (You took it off a vampire mage on level 3 of the Crypt)

   [ring of positive energy]

   It affects your intelligence (+4).
   It insulates you from electricity.
   It protects you from negative energy.
   It makes you more stealthy.
 Z - the ring "Leipot" {Wiz MR+ MP+9}
   (You found it on level 7 of Gehenna)

   [ring of wizardry]

   It improves your spell success rate.
   It affects your resistance to hostile enchantments.
   It affects your magic capacity (+9).
Wands
 E - a wand of digging (4/24)
 J - a wand of heal wounds (4/9)
 S - a wand of teleportation (5/9)
 Y - a wand of disintegration (10/24)
Scrolls
 d - 9 scrolls of immolation
 g - 20 scrolls of fog
 q - 47 scrolls of remove curse
 u - 24 scrolls of amnesia
 x - 6 scrolls of holy word
 y - 10 scrolls of magic mapping
 B - 8 scrolls of blinking
 C - 6 scrolls of fear
 D - 18 scrolls of recharging
 I - 39 scrolls of teleportation
 K - a scroll of summoning
Potions
 s - 5 potions of curing
 R - 4 potions of resistance
 U - 3 potions of cancellation
Books
 b - a Necronomicon

   Spells                             Type                      Level
   a - Haunt                          Necromancy/Summoning         7
   b - Borgnjor's Revivification      Necromancy                   8
   c - Death's Door                   Charms/Necromancy            8
   d - Infestation                    Necromancy                   8
   e - Necromutation                  Transmutation/Necromancy     8
 v - the Incunabulum of Ashen Shape Shifting
   (You found it on level 7 of Tartarus)

   Spells                             Type                      Level
   a - Petrify                        Transmutation/Earth          4
   b - Lee's Rapid Deconstruction     Earth                        5
   c - Dragon Form                    Transmutation                7
 w - a manual of Maces & Flails
 z - a manual of Maces & Flails
 G - a book of Annihilations

   Spells                             Type                      Level
   a - Poison Arrow                   Conjuration/Poison           6
   b - Chain Lightning                Conjuration/Air              8
   c - Lehudib's Crystal Spear        Conjuration/Earth            8
   d - Glaciate                       Conjuration/Ice              9
   e - Fire Storm                     Conjuration/Fire             9
 L - a manual of Necromancy
 N - the Reference Book on Necromancy
   (You found it on level 3 of the Crypt)

   Spells                             Type                      Level
   a - Pain                           Necromancy                   1
   b - Vampiric Draining              Necromancy                   3
   c - Control Undead                 Necromancy                   4
   d - Excruciating Wounds            Charms/Necromancy            5
   e - Simulacrum                     Ice/Necromancy               6
   f - Infestation                    Necromancy                   8
Miscellaneous
 h - a crystal ball of energy
 p - a disc of storms
Comestibles
 c - 34 bread rations
 m - 10 meat rations
 M - 2 royal jellies


   Skills:
 O Level 27 Fighting
 - Level 18.0 Axes
 - Level 13.4 Armour
 - Level 15.0 Dodging
 - Level 16.0 Stealth
 - Level 16.7 Shields
 O Level 27 Spellcasting
 - Level 6.0 Conjurations
 - Level 7.0 Necromancy
 - Level 10.2 Transmutations
 O Level 27 Air Magic
 O Level 27 Earth Magic
 - Level 15.4 Invocations
 * Level 21.7 Evocations


You had 26 spell levels left.
You knew the following spells:

 Your Spells              Type           Power        Failure   Level  Hunger
a - Tornado               Air            #######...   3%          9    ######.
b - Statue Form           Tmut/Erth      ######...    1%          6    None
c - Sublimation of Blood  Necr           #####.....   1%          2    None
d - Bolt of Draining      Conj/Necr      #####.....   1%          5    None
e - Shatter               Erth           #######...   3%          9    ######.
f - Deflect Missiles      Chrm/Air       ######....   1%          6    None
g - Regeneration          Chrm/Necr      #####.....   1%          3    None
h - Invisibility          Hex            ###.....     98%         6    None
i - Controlled Blink      Tloc           N/A          100%        8    #####..


Dungeon Overview and Level Annotations

Branches:
Dungeon (15/15)            Temple (1/1) D:6            Lair (6/6) D:11
  Swamp (4/4) Lair:3        Snake (4/4) Lair:2        Slime (5/5) Lair:6
    Orc (2/2) D:11            Elf (3/3) Orc:2        Vaults (5/5) D:14
  Crypt (3/3) Vaults:2       Tomb (3/3) Crypt:3      Depths (5/5) D:15
   Hell (1/1)                 Dis (7/7) Hell            Geh (7/7) Hell
    Coc (0/7) Hell            Tar (7/7) Hell            Zot (4/5) Depths:5

Altars:
Ashenzari
Cheibriados
Dithmenos
Elyvilon
Fedhas
Gozag
Hepliaklqana
Kikubaaqudgha
Makhleb
Nemelex Xobeh
Okawaru
Qazlal
Ru
Sif Muna
Trog
Uskayaw
Vehumet
Xom
Yredelemnul
Zin
The Shining One
Beogh
Jiyva

Shops:
D:9 (   D:14 =   D:15 ?   Orc:2 (=[(   Elf:1 *   Vaults:1 !   Depths:1 }

Portals:
Hell: Depths:1 Depths:2 Depths:3 Depths:4 Depths:5
Abyss: Depths:2 Depths:4 Depths:5
Pandemonium: Depths:3

Annotations:
D:4 MrRokkomies's ghost, novice DEFE; Natasha
D:6 Grinder


Innate Abilities, Weirdness & Mutations

You cannot wear boots.
((Your serpentine skin is tough. (AC +9)))
You have supernaturally acute eyesight. (SInv)
Armour fits poorly on your strangely shaped body.
Your system is resistant to poisons. (rPois)
((You cover ground very slowly.))
You have a slow metabolism.
You can spit poison.
You can use your snake-like lower body to constrict enemies.
(You are partially covered in rugged brown scales. (AC +1, +3% HP))
You often lose your temper in combat.
You are clumsy. (Dex -2)
You are very frail. (-20% HP)
Your magical capacity is low. (-10% MP)
You sometimes yell uncontrollably at your foes.
You regenerate slowly when monsters are visible.
You are occasionally teleported next to monsters.
You are very weak. (Str -4)
Your spells are a little easier to cast, but a little less powerful.


Message History

Cheibriados thoroughly appreciates the change of pace.
You carve the Hell Sentinel like a ham!!!
The Hell Sentinel misses you.
The Hell Sentinel hits you but does no damage.
The Hell Sentinel closely misses you. The Hell Sentinel hits you!
* * * LOW HITPOINT WARNING * * *
The Hell Sentinel gestures at you. The iron shot misses you.
The Hell Sentinel hits you!!
* * * LOW HITPOINT WARNING * * *
The Hell Sentinel hits you but does no damage.
The Hell Sentinel gestures at you.
The sphere of damnation explodes!
The damnation engulfs you!
* * * LOW HITPOINT WARNING * * *
The damnation engulfs the Hell Sentinel.
The Hell Sentinel completely resists.
You slice the Hell Sentinel!!
The Hell Sentinel is almost dead.
The Hell Sentinel gestures at you.
The sphere of damnation explodes!
The damnation engulfs you!
You die...

▓▓▓ ▓▓▓▓.▓▓▓▓
▓▓.......▓▓
▓▓.........▓▓
▓...........▓
▓▓.∩.........▓▓
▓..>)..8...∩..▓
▓▓.∩...1)....▓▓
▓...........▓
▓▓.........▓▓
▓▓.......▓▓
▓▓▓▓.▓▓▓▓ ▓▓▓


You could see a Hell Sentinel.

Vanquished Creatures
  Asmodeus (Geh:7)
  Ereshkigal (Tar:7)
  the Royal Jelly (Slime:5)
  Tiamat (Zot:4)
  Khufu (Crypt:1)
  Dispater (Dis:7)
  3 orbs of fire (Zig:14)
  The ghost of Eptagon the Archmage, a legendary DECj of Vehumet (Geh:2)
  Mennas (Vaults:4)
  5 juggernauts
  Sojobo (Depths:4)
  6 ancient liches
  42 greater mummies
  5 pandemonium lords
  Margery (Crypt:3)
  Saint Roka (Depths:2)
  3 shard shrikes (Zig:21)
  Xtahua (Crypt:3)
  8 caustic shrikes
  2 Killer Klowns
  Geryon (Hell)
  Vashnia (Snake:2)
  17 golden dragons
  2 profane servitors
  the Enchantress (Depths:4)
  Jory (Crypt:3)
  24 liches
  24 Brimstone Fiends
  7 bone dragons
  20 Tzitzimimeh
  3 doom hounds
  8 Ice Fiends
  10 iron giants
  5 hellephants
  13 Hell Sentinels
  31 tentacled monstrosities
  23 titans
  5 deep elf master archers
  8 quicksilver dragons
  11 deep elf blademasters
  36 tentacled starspawn
  Asterion (Snake:1)
  10 death cobs
  10 Executioners
  31 acid blobs
  13 sphinxes
  4 eldritch tentacles
  11 storm dragons
  A shadow dragon (shapeshifter) (Zig:12)
  33 shadow dragons
  Kirke (Snake:1)
  Gastronok (Lair:2)
  3 thorn hunters
  21 ancient champions
  Roxanne (Snake:4)
  10 tengu reavers
  2 daevas
  11 azure jellies
  14 revenants
  10 nagarajas
  Donald (Swamp:4)
  An azure jelly (shapeshifter) (Zig:12)
  9 draconian monks
  25 fire giants
  12 cacodemons
  20 frost giants
  9 draconian knights
  5 ghost moths
  18 vault wardens
  8 black suns
  6 draconian shifters
  Aizul (Vaults:4)
  14 iron dragons
  7 warmongers
  27 balrugs
  4 deep elf elementalists (Elf:3)
  9 draconian scorchers
  7 draconian stormcallers
  8 deep elf sorcerers
  23 war gargoyles
  4 caustic shrike zombies
  9 curse skulls
  3 spriggan defenders (Depths:4)
  14 ironheart preservers
  5 ghouls
  6 blood saints
  58 reapers
  32 stone giants
  13 draconian annihilators
  5 corrupters
  An ophan (Zig:2)
  A juggernaut skeleton (Zig:21)
  12 deep elf annihilators
  18 bennus
  30 very ugly things
  33 vampire knights
  12 deep elf demonologists
  4 dire elephants
  5 entropy weavers
  17 green draconians
  Azrael (Snake:2)
  16 white draconians
  14 black draconians
  17 lorocyprocas
  15 yellow draconians
  22 red draconians
  20 spark wasps
  24 purple draconians
  35 mummy priests
  4 eidola
  20 deep elf death magi
  21 ettins
  24 blizzard demons
  12 green deaths
  9 death oozes
  Josephine (Orc:1)
  A merfolk impaler (Depths:3)
  A crystal guardian (Vaults:5)
  9 fire dragons
  24 yaktaur captains
  11 great orbs of eyes
  17 ogre magi
  7 quicksilver dragon zombies
  3 deep elf high priests
  16 jiangshi
  A minotaur (Lab)
  A kraken zombie (Hell)
  Erolcha (D:13)
  18 rakshasas
  32 vault guards
  23 naga warriors
  9 hell beasts
  4 quicksilver dragon skeletons
  35 hydras
  5 catoblepae
  16 ice dragons
  A ghost crab (Tar:4)
  9 anacondas
  8 centaur warriors
  2 spriggan air magi
  6 death knights
  4 death yaks
  3 deep troll shamans
  2 alligators
  A satyr (Abyss:3)
  2 hell hogs (shapeshifter) (Vaults:5)
  10 tengu warriors
  29 dancing weapons
  16 hell hogs
  17 naga sharpshooters
  33 death scarabs
  An alligator (shapeshifter) (Abyss:4)
  7 deep troll earth magi
  27 thrashing horrors
  19 vampire magi
  10 titan zombies
  6 spriggan berserkers
  7 shock serpents
  An orc high priest (Zig:5)
  The ghost of MrRokkomies the Arsonist, a novice DEFE of Makhleb (Bailey)
  5 titan skeletons
  23 deep elf knights
  41 hell knights
  22 shadow wraiths
  17 soul eaters
  25 wretched stars
  The ghost of yrara the Twirler, a novice GrFi of Gozag (Lair:1)
  3 fire crabs (Zig:14)
  28 sun demons
  21 iron golems
  3 storm dragon skeletons
  9 storm dragon zombies
  3 salamander mystics
  10 sixfirhies
  81 skeletal warriors
  17 iron trolls
  An unseen horror (shapeshifter) (Depths:5)
  A quicksilver dragon simulacrum (Crypt:3)
  9 golden dragon zombies
  7 spatial maelstroms
  12 glowing orange brains
  6 unseen horrors
  24 shadow demons
  5 spriggan druids
  A spark wasp zombie (Depths:5)
  A death drake (Abyss:4)
  11 deep trolls
  A ghost moth zombie (Crypt:3)
  7 anaconda zombies
  An orange crystal statue (Zig:2)
  A cherub (Zig:2)
  23 phantasmal warriors
  10 swamp dragons
  32 flayed ghosts
  15 deep elf archers
  8 harpies
  3 anaconda skeletons (Geh:7)
  24 ironbrand convokers
  12 naga ritualists
  6 golden dragon skeletons
  6 lindwurms
  A tengu zombie (Zig:18)
  26 necromancers
  8 wizards
  60 deep elf magi
  10 hill giants
  16 orc knights
  3 wolf spider zombies
  An orb spider (shapeshifter) (Vaults:2)
  2 sphinx zombies
  8 wolf spiders
  Pikel (D:7)
  36 ugly things
  9 shadow dragon zombies
  13 frost giant zombies
  12 mana vipers
  8 orc sorcerers
  5 orb spiders
  A wolf spider (shapeshifter) (Vaults:3)
  3 shadow dragon skeletons
  7 stone giant zombies
  2 sphinx skeletons (Zig:21)
  3 manticores
  11 shining eyes
  4 iron dragon zombies
  A lindwurm (shapeshifter) (Vaults:4)
  8 fire giant zombies
  15 oklob plants
  3 tengu skeletons
  25 moths of wrath
  175 slime creatures
  3 shock serpent zombies
  7 cyclopes
  2 salamanders (shapeshifter)
  5 worldbinders
  2 moths of wrath (shapeshifter) (Zig:12)
  6 salamanders
  3 iron dragon skeletons
  A water nymph (shapeshifter) (Depths:5)
  18 elephants
  53 rust devils
  7 fire giant skeletons
  2 black mambas (shapeshifter)
  2 centaur zombies
  55 black mambas
  2 ice statues (Hell)
  5 guardian serpents
  2 human skeletons
  Maurice (Orc:2)
  5 dire elephant zombies
  5 frost giant skeletons
  8 molten gargoyles (Geh:7)
  7 apocalypse crabs
  9 stone giant skeletons
  An eye of devastation (shapeshifter) (Depths:4)
  5 orange demons
  31 naga magi
  17 vault sentinels
  3 gargoyles
  A storm dragon simulacrum (Vaults:1)
  15 spiny frogs
  An elf skeleton (Zig:21)
  2 spriggan skeletons
  5 torpor snails
  27 hellions
  A komodo dragon (shapeshifter) (Vaults:4)
  2 eyes of devastation (Zig:16)
  21 smoke demons
  78 yaktaurs
  A yaktaur (shapeshifter) (Depths:5)
  3 dire elephant skeletons
  4 kobold demonologists
  A shock serpent skeleton (Geh:7)
  7 demonic crawlers
  4 catoblepas zombies
  A rime drake (shapeshifter) (Depths:2)
  13 efreet
  29 freezing wraiths
  An emperor scorpion zombie (Tar:7)
  An anaconda simulacrum (Hell)
  6 rime drakes
  7 komodo dragons
  36 tormentors
  15 ice devils
  3 hydra zombies
  A queen bee (shapeshifter) (Vaults:4)
  60 guardian mummies
  5 harpy zombies
  A white draconian skeleton (Crypt:1)
  A redback zombie (D:15)
  5 hellwings
  2 silent spectres
  28 ancient zymes
  40 small abominations
  16 red devils
  10 hornets
  10 tyrant leeches
  3 tengu conjurers
  2 polar bears
  A hornet (shapeshifter) (D:15)
  11 trolls
  A sphinx simulacrum (Zig:19)
  54 raiju
  2 raiju (shapeshifter)
  Prince Ribbit (D:6)
  7 hydra skeletons
  5 jumping spiders
  A dream sheep (shapeshifter) (Depths:3)
  2 harpy skeletons
  33 two-headed ogres
  2 blink frogs (shapeshifter)
  2 slime creatures (shapeshifter)
  A deep troll zombie (Hell)
  5 ice dragon zombies
  A death drake skeleton (Crypt:3)
  3 dream sheep
  2 minotaur skeletons
  16 blink frogs
  A meliai zombie (Crypt:3)
  An iron dragon simulacrum (Tomb:3)
  5 ettin zombies
  2 frost giant simulacra
  3 alligator zombies
  12 bog bodies
  3 fire dragon zombies
  A stone giant simulacrum (Abyss:1)
  10 hippogriffs
  7 air elementals
  2 tarantellas (shapeshifter)
  2 ettin skeletons
  A black mamba zombie (Geh:6)
  7 redbacks
  3 ice dragon skeletons
  8 spriggans
  3 tarantellas
  23 water elementals
  62 flying skulls
  11 ynoxinuls
  6 wyverns
  38 wraiths
  26 shadows
  20 vampires
  77 large abominations
  4 fire dragon skeletons
  2 black mamba skeletons
  3 hogs (Snake:1)
  24 ushabtiu
  46 yaks
  A golden eye (Slime:5)
  3 basilisks
  14 chaos spawn
  4 humans (shapeshifter)
  A basilisk (shapeshifter) (Depths:2)
  5 hungry ghosts
  22 fire elementals
  13 vampire mosquitoes
  19 neqoxecs
  A hill giant skeleton (Crypt:2)
  8 spatial vortices
  2 catoblepas simulacra
  56 nagas
  4 wargs
  A yaktaur simulacrum (Vaults:2)
  A soldier ant (D:13)
  14 swamp worms
  2 acid dragons
  13 insubstantial wisps
  2 spiny frog zombies
  A torturous demonspawn zombie (Crypt:1)
  57 hell hounds
  A porcupine (shapeshifter) (Vaults:1)
  14 water moccasins
  10 porcupines
  A hydra simulacrum (Hell)
  Purgy (Sewer)
  A swamp drake (shapeshifter) (Depths:5)
  14 swamp drakes
  An ice beast (shapeshifter) (Vaults:3)
  2 sky beasts
  2 snapping turtle zombies
  A lindwurm zombie (Crypt:2)
  37 orc warriors
  3 spiny frog skeletons
  17 elf zombies
  A sky beast (shapeshifter) (Vaults:4)
  79 ogres
  4 human zombies
  5 ice beasts
  3 manticore zombies
  16 necrophages
  12 phantoms
  A wolf (shapeshifter) (Depths:5)
  11 boggarts
  An ogre (shapeshifter) (Depths:5)
  7 wolves
  A boggart (shapeshifter) (Vaults:4)
  15 centaurs
  17 eyes of draining
  4 snapping turtle skeletons
  2 swamp dragon skeletons
  21 crocodiles
  2 manticore skeletons
  7 big kobolds
  18 bullfrogs
  3 earth elementals
  A wyvern zombie (Crypt:2)
  A hippogriff skeleton (Crypt:1)
  2 yaktaur skeletons
  A scorpion (D:10)
  A spriggan zombie (Tar:7)
  2 troll zombies (Crypt:3)
  A killer bee (shapeshifter) (Depths:5)
  47 wights
  2 electric eels (Lair:3)
  6 howler monkeys
  A howler monkey (shapeshifter) (Vaults:5)
  14 crimson imps
  5 quasits
  An elf simulacrum (Hell)
  2 human simulacra
  146 starcursed masses
  A bullfrog zombie (D:5)
  50 iron imps
  A gnoll shaman (D:3)
  5 centaur skeletons
  12 orc priests
  4 bullfrog skeletons
  6 hounds
  2 jellies (D:5)
  15 orc wizards
  A soldier ant zombie (Crypt:2)
  4 hell rats (Lair:1)
  5 iguanas
  Natasha (D:4)
  A lightning spire (Zig:22)
  15 worker ants
  A killer bee zombie (D:10)
  A felid zombie (Crypt:2)
  A sky beast zombie (Crypt:1)
  2 naga zombies
  A hound skeleton (D:6)
  84 mummies
  2 howler monkey zombies
  4 worker ant zombies
  16 adders
  19 gnolls
  A hell rat zombie (Crypt:2)
  6 river rats (Lair:1)
  9 shadow imps
  15 white imps
  5 ufetubi
  2 oozes
  2 adder skeletons
  An adder zombie (D:7)
  2 worms
  A dart slug (D:1)
  4 leopard geckos
  75 orcs
  8 ball pythons
  A bat skeleton (Crypt:1)
  6 giant cockroaches
  8 goblins
  8 hobgoblins
  18 jackals
  27 kobolds
  14 quokkas
  9 bats
  4 frilled lizards
  A hobgoblin skeleton (Crypt:3)
  A kobold zombie (Crypt:3)
  An orc zombie (Geh:5)
  2 quokka skeletons
  18 rats
  A rat zombie (Crypt:1)
  A butterfly (Lair:2)
  4 crawling corpses
  3 fire vortices (Geh:2)
  2 fungi
  2 lurking horrors (Abyss:4)
  8 plants
  42 starspawn tentacles
  2 tentacles (Hell)
5424 creatures vanquished.

Vanquished Creatures (collateral kills)
  An acid blob (Slime:5)
  A death ooze (Slime:5)
2 creatures vanquished.

Vanquished Creatures (others)
  3 eldritch tentacles
  2 fire giants (Depths:5)
  A reaper (Geh:7)
  3 fire dragons (Zig:14)
  21 death scarabs
  A shock serpent (shapeshifter) (Depths:5)
  A hell knight (Geh:5)
  A skeletal warrior (Dis:7)
  A wretched star (Zig:24)
  A storm dragon zombie (Geh:7)
  A necromancer (Vaults:1)
  2 moths of wrath
  A yaktaur (Depths:3)
  A hellwing (Abyss:4)
  An ancient zyme (Abyss:4)
  An ettin zombie (Geh:7)
  A fire dragon skeleton (Tomb:2)
  An air elemental (Abyss:4)
  8 flying skulls (Tomb:2)
  A large abomination (Zig:24)
  An ushabti (Tomb:3)
  A human (Snake:1)
  4 small abominations
  A starcursed mass (Zig:24)
  2 slaves (D:7)
  A centaur (Depths:1)
  A snapping turtle skeleton (Geh:3)
  An ooze (D:7)
  An orc (Depths:2)
  A fungus (Lair:4)
  2 lurking horrors
  10 plants
  71 starspawn tentacles
  3 tentacles (Hell)
153 creatures vanquished.

Grand Total: 5579 creatures vanquished

Notes
Turn   | Place    | Note
-------+----------+-------------------------------------------
     0 | D:1      | Herrn the Naga Monk began the quest for the Orb.
     0 | D:1      | Reached XP level 1. HP: 21/21 MP: 1/1
   170 | D:1      | Reached XP level 2. HP: 26/28 MP: 2/2
   709 | D:2      | Reached XP level 3. HP: 34/34 MP: 3/3
   731 | D:2      | Found a glowing golden altar of the Shining One.
  1348 | D:2      | Reached XP level 4. HP: 37/42 MP: 4/4
  2020 | D:3      | Reached XP level 5. HP: 49/49 MP: 5/5
  2054 | D:3      | Reached skill level 1 in Armour
  2421 | D:3      | Reached skill level 5 in Axes
  2523 | D:4      | Noticed an ogre
  2848 | D:4      | Killed an ogre
  2848 | D:4      | Reached XP level 6. HP: 45/57 MP: 6/6
  3521 | D:4      | Noticed Natasha
  3609 | D:4      | Killed Natasha
  3609 | D:4      | Reached XP level 7. HP: 63/63 MP: 7/7
  3737 | D:4      | Noticed MrRokkomies's ghost (novice DEFE)
  3748 | D:4      | Noticed Natasha
  4454 | D:5      | Entered Level 5 of the Dungeon
  5280 | D:5      | Reached XP level 8. HP: 55/72 MP: 8/8
  5559 | D:5      | Reached skill level 1 in Shields
  6455 | D:6      | Found a glowing drain.
  6479 | Sewer    | Entered a sewer
  6551 | Sewer    | Gained mutation: Your magical capacity is low. (-10% MP) [mutagenic meat]
  6552 | Sewer    | Gained mutation: You evolve. [mutagenic meat]
  6574 | Sewer    | Noticed Purgy
  6679 | Sewer    | Killed Purgy
  6818 | D:6      | Found a shadowy altar of Dithmenos.
  6834 | D:6      | Gained mutation: Your spells are a little harder to cast, but a little more powerful. [evolution]
  6845 | D:6      | Noticed Prince Ribbit
  6885 | D:6      | Killed Prince Ribbit
  6885 | D:6      | Reached XP level 9. HP: 50/79 MP: 8/8
  6901 | D:6      | Noticed Grinder
  7098 | D:6      | Found a staircase to the Ecumenical Temple.
  7110 | Temple   | Entered the Ecumenical Temple
  7129 | Temple   | Became a worshipper of Warmaster Okawaru
  7129 | Temple   | Reached * piety under Okawaru
  7129 | Temple   | Reached ** piety under Okawaru
  7536 | D:7      | Noticed Pikel
  7553 | D:7      | Killed Pikel
  7567 | D:7      | Gained mutation: Your flesh is cold resistant. (rC+) [evolution]
  7606 | D:7      | Found an ancient bone altar of Kikubaaqudgha.
  7631 | D:7      | Reached skill level 5 in Fighting
  7631 | D:7      | Reached skill level 10 in Axes
  7646 | D:7      | Reached *** piety under Okawaru
  7646 | D:7      | Reached skill level 1 in Invocations
  7676 | D:7      | Noticed a hornet
  7699 | D:7      | Killed a hornet
  8039 | D:7      | Reached XP level 10. HP: 88/88 MP: 7/10
  8226 | D:8      | Gained mutation: You are dopey. (Int -2) [mutagenic meat]
  8227 | D:8      | Gained mutation: You have a pair of small antennae on your head. [mutagenic meat]
  8327 | D:8      | Found a blossoming altar of Fedhas.
  8329 | D:8      | Found an ancient bone altar of Kikubaaqudgha.
  8636 | D:8      | Reached **** piety under Okawaru
  9256 | D:9      | Got a steaming leather armour
  9257 | D:9      | Identified the +1 leather armour "Cusodyta" {Dex+3} (You found it on level 9 of the Dungeon)
  9622 | D:9      | Found Paguceusai's Antique Weapon Boutique.
  9749 | D:9      | Reached ***** piety under Okawaru
  9749 | D:9      | Reached skill level 5 in Dodging
 10232 | D:10     | Entered Level 10 of the Dungeon
 10250 | D:10     | Reached XP level 11. HP: 97/97 MP: 12/12
 10273 | D:10     | Received a gift from Okawaru
 10727 | D:10     | Noticed a cyclops
 10736 | D:10     | Killed a cyclops
 10873 | D:10     | Noticed a red ugly thing
 10890 | D:10     | Killed a red ugly thing
 10895 | D:10     | Gained mutation: You are very dopey. (Int -4) [mutagenic meat]
 10897 | D:10     | Gained mutation: You tend to lose your temper in combat. [mutagenic meat]
 10899 | D:10     | Lost mutation: You are very dopey. (Int -4) [potion of mutation]
 10899 | D:10     | Lost mutation: You evolve. [potion of mutation]
 11189 | D:10     | Noticed a hill giant
 11206 | D:10     | Killed a hill giant
 11431 | D:10     | Gained mutation: You are robust. (+10% HP) [potion of mutation]
 11431 | D:10     | Gained mutation: You evolve. [potion of mutation]
 11432 | D:10     | Lost mutation: You are dopey. (Int -2) [potion of mutation]
 11432 | D:10     | Lost mutation: Your magical capacity is low. (-10% MP) [potion of mutation]
 11648 | D:11     | Found a labyrinth entrance.
 11653 | Lab      | Entered a labyrinth
 11732 | Lab      | Gained mutation: You have a pair of antennae on your head. [evolution]
 12067 | Lab      | Noticed a minotaur
 12077 | Lab      | Killed a minotaur
 12088 | Lab      | Got a brightly glowing chain mail
 12099 | Lab      | Identified the +7 chain mail "Hefiohewk" {rN+ MR+ Str+6} (You found it in a labyrinth)
 12217 | D:11     | Noticed a hill giant
 12227 | D:11     | Killed a hill giant
 12227 | D:11     | Reached skill level 5 in Armour
 12587 | D:11     | Found a roughly hewn altar of Beogh.
 12587 | D:11     | Found a staircase to the Orcish Mines.
 12857 | D:11     | Found a staircase to the Lair.
 12937 | D:11     | Reached XP level 12. HP: 119/119 MP: 14/14
 13191 | D:11     | Received a gift from Okawaru
 13196 | D:11     | Got a fine naga barding {god gift}
 13209 | D:11     | Identified the -6 naga barding of Honour {Str+4 Int+2} (Okawaru gifted it to you on level 11 of the Dungeon)
 13661 | D:12     | Noticed a six-headed hydra
 13668 | D:12     | Killed a six-headed hydra
 13668 | D:12     | Reached skill level 5 in Shields
 14090 | D:12     | Reached skill level 15 in Axes
 14316 | D:12     | Gained mutation: You have sharp fingernails. [evolution]
 14394 | D:12     | Noticed a soul eater
 14544 | D:13     | Gained mutation: You expend magic power (3 MP) to strengthen your wands. [potion of mutation]
 14544 | D:13     | Gained mutation: You can exhale a cloud of poison. [potion of mutation]
 15333 | D:13     | Noticed Erolcha
 15344 | D:13     | Killed Erolcha
 15574 | Orc:1    | Entered Level 1 of the Orcish Mines
 15582 | Orc:1    | Gained mutation: You can use your snake-like lower body to constrict enemies. [Naga growth]
 15582 | Orc:1    | Reached XP level 13. HP: 128/128 MP: 15/15
 15798 | Orc:2    | Entered Level 2 of the Orcish Mines
 15803 | Orc:2    | Noticed Maurice
 15819 | Orc:2    | Killed Maurice
 15823 | Orc:2    | Received a gift from Okawaru
 15861 | Orc:2    | Found a bloodstained altar of Trog.
 15887 | Orc:2    | Got a distressingly furry naga barding {god gift}
 15898 | Orc:2    | Identified the +3 naga barding of a sewer {+Blink Dex+3} (Okawaru gifted it to you on level 2 of the Orcish Mines)
 15911 | Orc:2    | Found Adytunud's Armour Boutique.
 15935 | Orc:2    | Noticed an ogre mage
 15954 | Orc:1    | Killed an ogre mage
 16598 | Orc:2    | Found Ryowown's Antique Weapon Boutique.
 17047 | Orc:2    | Found Evonwac's Antique Weapon Shoppe.
 17066 | Orc:2    | Found a staircase to the Elven Halls.
 17137 | Orc:2    | Found Bupn's Jewellery Shop.
 17352 | Orc:2    | Bought an ancient whip for 292 gold pieces
 17352 | Orc:2    | Identified the +9 whip of Dissatisfaction {drain, rN+ MR+} (You bought it in a shop on level 2 of the Orcish Mines)
 17378 | Orc:1    | Noticed Josephine
 17391 | Orc:1    | Killed Josephine
 17391 | Orc:1    | Received a gift from Okawaru
 18001 | Lair:1   | Entered Level 1 of the Lair of Beasts
 18263 | Lair:1   | Noticed yrara's ghost (novice GrFi)
 18280 | Lair:1   | Killed yrara's ghost
 18352 | Lair:1   | Reached XP level 14. HP: 141/141 MP: 16/16
 18919 | Lair:2   | Found a staircase to the Snake Pit.
 19153 | Lair:2   | Received a gift from Okawaru
 19401 | Lair:2   | Noticed Gastronok
 19415 | Lair:2   | Killed Gastronok
 19415 | Lair:2   | Received a gift from Okawaru
 20609 | Lair:3   | Found a staircase to the Swamp.
 20823 | Lair:3   | Received a gift from Okawaru
 20882 | Lair:4   | Reached skill level 10 in Fighting
 21074 | Lair:4   | Lost mutation: You expend magic power (3 MP) to strengthen your wands. [evolution]
 21166 | Lair:4   | Gained mutation: Your muscles are strong. (Str +2) [potion of mutation]
 21166 | Lair:4   | Gained mutation: You are partially covered in molten scales. (AC +2) [potion of mutation]
 21166 | Lair:4   | Lost mutation: You are robust. (+10% HP) [potion of mutation]
 21715 | Lair:5   | Received a gift from Okawaru
 22213 | Lair:6   | Entered Level 6 of the Lair of Beasts
 22265 | Lair:6   | Reached XP level 15. HP: 121/140 MP: 17/17
 22508 | Lair:6   | Received a gift from Okawaru
 22596 | Lair:6   | Found a staircase to the Slime Pits.
 22596 | Lair:6   | Found a viscous altar of Jiyva.
 22784 | Lair:6   | Reached ****** piety under Okawaru
 22952 | Lair:6   | Received a gift from Okawaru
 23795 | D:14     | Found a gate to the Vaults.
 23823 | D:14     | Found a flagged portal.
 23830 | Bailey   | Entered a bailey
 23832 | Bailey   | Noticed MrRokkomies's ghost (novice DEFE)
 23859 | Bailey   | Killed MrRokkomies's ghost
 24217 | Bailey   | Identified a scroll of acquirement
 24735 | D:14     | Found Ihaawn's Jewellery Shop.
 24996 | D:15     | Entered Level 15 of the Dungeon
 25091 | D:15     | Found Hetrudil's Magic Scroll Shoppe.
 25179 | D:15     | Reached XP level 16. HP: 138/152 MP: 15/18
 25189 | D:15     | Received a gift from Okawaru
 25197 | D:15     | Found a staircase to the Depths.
 25688 | D:15     | Learned a level 5 spell: Lightning Bolt
 26023 | D:15     | Lost mutation: You can exhale a cloud of poison. [potion of cure mutation]
 26023 | D:15     | Lost mutation: You tend to lose your temper in combat. [potion of cure mutation]
 26023 | D:15     | Lost mutation: Your muscles are strong. (Str +2) [potion of cure mutation]
 26023 | D:15     | Lost mutation: You have sharp fingernails. [potion of cure mutation]
 26023 | D:15     | Lost mutation: You evolve. [potion of cure mutation]
 26127 | Snake:1  | Entered Level 1 of the Snake Pit
 26145 | Snake:1  | Noticed Asterion
 26173 | Snake:1  | Killed Asterion
 26173 | Snake:1  | Reached skill level 1 in Air Magic
 26523 | Snake:1  | Noticed Kirke
 26531 | Snake:1  | Killed Kirke
 26531 | Snake:1  | Reached skill level 10 in Armour
 26660 | Snake:1  | Reached skill level 10 in Shields
 27202 | Snake:2  | Noticed a nagaraja
 27220 | Snake:2  | Killed a nagaraja
 27455 | Snake:2  | Noticed Azrael
 27469 | Snake:2  | Killed Azrael
 27639 | Snake:2  | Noticed Vashnia
 27977 | Snake:2  | Noticed a nagaraja
 27985 | Snake:2  | Killed a nagaraja
 27995 | Snake:2  | Received a gift from Okawaru
 29124 | Snake:2  | Noticed a nagaraja
 29136 | Snake:2  | Killed a nagaraja
 29147 | Snake:2  | Reached XP level 17. HP: 152/164 MP: 19/19
 29205 | Snake:2  | Killed Vashnia
 29208 | Snake:2  | Received a gift from Okawaru
 29226 | Snake:2  | Got a crude lajatang {god gift}
 29844 | Snake:3  | Upgraded the game from 0.20-a0-229-ge6e0e65 to 0.20-a0-256-gabb291d
 30118 | Snake:3  | Reached skill level 5 in Air Magic
 30286 | Snake:3  | Gained mutation: You can translocate small distances at will. [potion of beneficial mutation]
 30768 | Snake:3  | Received a gift from Okawaru
 31480 | Snake:4  | Entered Level 4 of the Snake Pit
 31480 | Snake:4  | Noticed Roxanne
 31499 | Snake:4  | Killed Roxanne
 31509 | Snake:4  | Learned a level 6 spell: Statue Form
 31806 | Snake:4  | Reached skill level 1 in Earth Magic
 31845 | Snake:4  | Reached skill level 1 in Transmutations
 32348 | Snake:4  | Reached XP level 18. HP: 130/175 MP: 14/20
 32892 | Snake:4  | Received a gift from Okawaru
 32913 | Snake:4  | Got an ichor-stained ring mail {god gift}
 33293 | Snake:4  | Got a serpentine rune of Zot
 33440 | Snake:4  | Identified the +0 ring mail of Fun and Games {rElec rN+ Str+2} (Okawaru gifted it to you on level 4 of the Snake Pit)
 33563 | Swamp:1  | Entered Level 1 of the Swamp
 34554 | Swamp:2  | Got a wavering amber ring
 34556 | Swamp:2  | Identified the cursed ring "Rijemyo" {*Drain rC+ MR+ AC-2} (You found it on level 2 of the Swamp)
 34982 | Swamp:3  | Gained mutation: You are robust. (+10% HP) [potion of mutation]
 35380 | Swamp:3  | Got a brightly glowing scale mail
 36336 | Swamp:4  | Entered Level 4 of the Swamp
 36429 | Swamp:4  | Reached skill level 5 in Earth Magic
 36687 | Swamp:4  | Noticed Donald
 36706 | Swamp:4  | Killed Donald
 36842 | Swamp:4  | Reached XP level 19. HP: 197/201 MP: 21/21
 36926 | Swamp:4  | Received a gift from Okawaru
 37393 | Swamp:4  | Reached skill level 5 in Transmutations
 38449 | Swamp:4  | Got a decaying rune of Zot
 38687 | Vaults:1 | Entered Level 1 of the Vaults
 38704 | Vaults:1 | Upgraded the game from 0.20-a0-256-gabb291d to 0.20-a0-258-gf5ffb0e
 38717 | Vaults:1 | Identified the cursed +1 scale mail of Going Fast {rN+ MP-9 Str+3} (You found it on level 3 of the Swamp)
 39240 | Vaults:1 | Found Kimneal's Distillery.
 40462 | Vaults:1 | Reached skill level 15 in Fighting
 41077 | Vaults:2 | Received a gift from Okawaru
 41546 | Vaults:2 | Reached XP level 20. HP: 187/214 MP: 18/22
 41663 | Vaults:2 | Found a staircase to the Crypt.
 42426 | Vaults:2 | Found a gateway to a bazaar.
 42454 | Bazaar   | Entered a bazaar
 42456 | Bazaar   | Found Jeymueni's Distillery.
 42460 | Bazaar   | Found Bineepa's Book Boutique.
 42460 | Bazaar   | Found Jeiseuc's Jewellery Boutique.
 42461 | Bazaar   | Found Woybe's Antique Armour Boutique.
 42466 | Bazaar   | Bought a faintly humming cloak for 171 gold pieces
 42466 | Bazaar   | Bought a jewelled plate armour for 504 gold pieces
 42479 | Bazaar   | Identified the +3 cloak of Koclor {Str+2} (You bought it in a shop in a bazaar)
 42489 | Bazaar   | Identified the +1 plate armour of the Ban {rPois Regen+ Dex+2} (You bought it in a shop in a bazaar)
 42489 | Bazaar   | Bought an amber-encrusted ring mail for 162 gold pieces
 42501 | Bazaar   | Identified the +1 ring mail "Log Yhu" {rF+ MR+ Int+2 Dex-3} (You bought it in a shop in a bazaar)
 42735 | Vaults:2 | Gained mutation: Your mind is acute. (Int +2) [potion of beneficial mutation]
 43238 | Vaults:3 | Received a gift from Okawaru
 44327 | Vaults:4 | Noticed Aizul
 44336 | Vaults:4 | Killed Aizul
 44336 | Vaults:4 | Received a gift from Okawaru
 44345 | Vaults:4 | Got a crude shield {god gift}
 44351 | Vaults:4 | Identified the +5 shield of Ruluschag {-Tele rPois rF+ rN+} (Okawaru gifted it to you on level 4 of the Vaults)
 44460 | Vaults:4 | Noticed Mennas
 44467 | Vaults:4 | Reached skill level 10 in Air Magic
 44482 | Vaults:4 | Killed Mennas
 44482 | Vaults:4 | Reached XP level 21. HP: 193/225 MP: 21/23
 44821 | Vaults:4 | Received a gift from Okawaru
 44827 | Vaults:4 | Got a crude war axe {god gift}
 44828 | Vaults:4 | Identified the +5 war axe of the Ghost {flame, rF- rC++ Dex+4 SInv} (Okawaru gifted it to you on level 4 of the Vaults)
 45109 | Vaults:4 | Paralysed by a floating eye for 4 turns
 45779 | Elf:1    | Entered Level 1 of the Elven Halls
 45809 | Elf:1    | Received a gift from Okawaru
 46225 | Elf:1    | Identified the Incunabulum of Evil
 46282 | Elf:1    | Found Biqouxuyh's Bounteous Boutique.
 46311 | Elf:1    | Bought a scroll of brand weapon for 320 gold pieces
 46312 | Elf:1    | Bought a potion of beneficial mutation for 560 gold pieces
 46312 | Elf:1    | Gained mutation: Your tail ends in a poisonous barb. [potion of beneficial mutation]
 46338 | Elf:1    | Got a brightly glowing scale mail
 46339 | Elf:1    | Identified the +9 scale mail "Fibly Equmm" {+Inv Str-5 Dex+9 SInv} (You found it on level 1 of the Elven Halls)
 47121 | Elf:2    | Found a huge runed gate.
 47129 | Elf:2    | Found a huge runed gate.
 47129 | Elf:2    | Found a huge runed gate.
 47129 | Elf:2    | Found a huge runed gate.
 47131 | Elf:2    | Found a huge runed gate.
 47429 | Elf:2    | Reached XP level 22. HP: 214/240 MP: 20/24
 47576 | Elf:3    | Entered Level 3 of the Elven Halls
 47598 | Elf:3    | Learned a level 2 spell: Sublimation of Blood
 47675 | Elf:3    | Found an ancient bone altar of Kikubaaqudgha.
 47765 | Elf:3    | Reached skill level 1 in Spellcasting
 48230 | Elf:3    | Received a gift from Okawaru
 48499 | Elf:3    | Reached skill level 10 in Earth Magic
 48680 | Elf:3    | Got a fine bronze ring
 48681 | Elf:3    | Identified the cursed ring "Camoj" {rPois EV-3 Dex+5} (You took it off a deep elf annihilator on level 3 of the Elven Halls)
 48748 | Elf:3    | Got a distressingly furry plate armour {god gift}
 48769 | Elf:3    | Identified the +1 plate armour of the Past {*Contam rC+++ Str+6} (Okawaru gifted it to you on level 3 of the Elven Halls)
 48771 | Elf:3    | Got a coiled ivory ring
 48772 | Elf:3    | Identified the ring of Lallaar {rF+ Str+3 Slay+3} (You took it off a deep elf death mage on level 3 of the Elven Halls)
 48881 | Elf:3    | Got a twitching copper amulet
 48882 | Elf:3    | Identified the amulet of Ojaaneup {rF+ Regen+} (You found it on level 3 of the Elven Halls)
 48886 | Elf:3    | Got a fine morningstar {crush}
 48887 | Elf:3    | Identified the +4 morningstar of Emmoibba {crush, rF+} (You took it off a deep elf death mage on level 3 of the Elven Halls)
 48900 | Elf:3    | Identified Yraqim's Disquisition on the Supportive Oath
 48908 | Elf:3    | Learned a level 5 spell: Bolt of Draining
 48924 | Elf:3    | Identified the Tome of Flight
 48931 | Elf:3    | Got a transparent brass ring
 48936 | Elf:3    | Identified the ring of Luob {rC+ MR- Str+3 Int+4} (You found it on level 3 of the Elven Halls)
 48938 | Elf:3    | Got a wavering jade ring
 48940 | Elf:3    | Identified the ring "Naexiocw" {Fire MP+9} (You found it on level 3 of the Elven Halls)
 49091 | Elf:3    | Got a dull robe
 49092 | Elf:3    | Identified the +2 robe "Varghage" {+Blink rElec rPois rC-} (You took it off a deep elf mage on level 3 of the Elven Halls)
 49340 | Depths:1 | Entered Level 1 of the Depths
 49382 | Depths:1 | Found Ciywkun's Gadget Shop.
 49409 | Depths:1 | Learned a level 9 spell: Shatter
 49474 | Depths:1 | Found a gateway to Hell.
 49584 | Depths:1 | Found a gateway to a ziggurat.
 49633 | Depths:1 | Received a gift from Okawaru
 50404 | Depths:2 | Reached XP level 23. HP: 207/255 MP: 24/29
 50889 | Depths:2 | Noticed Saint Roka
 50906 | Depths:2 | Killed Saint Roka
 50998 | Depths:2 | Found a one-way gate to the infinite horrors of the Abyss.
 51131 | Depths:2 | Reached skill level 10 in Dodging
 51278 | Depths:2 | Reached skill level 5 in Spellcasting
 51303 | Depths:2 | Received a gift from Okawaru
 51371 | Depths:2 | Got a heavily runed scale mail
 51372 | Depths:2 | Identified the +2 scale mail of Restlessness {rPois MR+ SInv} (You took it off a deep elf high priest on level 2 of the Depths)
 51713 | Depths:3 | Found a one-way gate leading to the halls of Pandemonium.
 52468 | Depths:3 | Noticed a golden dragon
 52470 | Depths:3 | Noticed a juggernaut
 52485 | Depths:3 | Killed a golden dragon
 52487 | Depths:3 | Killed a juggernaut
 52487 | Depths:3 | Received a gift from Okawaru
 52536 | Depths:3 | Got a fine broad axe {god gift}
 52537 | Depths:3 | Identified the +8 broad axe "Futwoh" {flame, rElec rPois MP+9 Int-4} (Okawaru gifted it to you on level 3 of the Depths)
 52717 | Depths:3 | Noticed a caustic shrike
 52723 | Depths:3 | Killed a caustic shrike
 52727 | Depths:3 | Reached XP level 24. HP: 215/271 MP: 32/32
 52960 | Depths:3 | Received a gift from Okawaru
 53075 | Depths:4 | Noticed a juggernaut
 53096 | Depths:4 | Killed a juggernaut
 53343 | Depths:4 | Noticed Sojobo
 53357 | Depths:4 | Killed Sojobo
 53357 | Depths:4 | Received a gift from Okawaru
 53518 | Depths:4 | Noticed a juggernaut
 53529 | Depths:4 | Killed a juggernaut
 53733 | Depths:4 | Noticed the Enchantress
 53769 | Depths:4 | Killed the Enchantress
 53783 | Depths:4 | Got faerie dragon scales
 53794 | Depths:4 | Identified the +5 faerie dragon scales {rCorr Str+3 Dex+2} (You took it off the Enchantress on level 4 of the Depths)
 54101 | Depths:4 | Noticed a juggernaut
 54113 | Depths:4 | Killed a juggernaut
 54496 | Depths:4 | Received a gift from Okawaru
 54844 | Depths:5 | Entered Level 5 of the Depths
 54965 | Depths:5 | Reached XP level 25. HP: 234/281 MP: 35/35
 55048 | Depths:4 | Received a gift from Okawaru
 55058 | Depths:4 | Got an encrusted chain mail {god gift}
 55059 | Depths:4 | Identified the +0 chain mail of Xydghyc {Int+2} (Okawaru gifted it to you on level 4 of the Depths)
 55320 | Depths:5 | Learned a level 9 spell: Tornado
 55526 | Depths:5 | Found a gate to the Realm of Zot.
 55966 | Depths:5 | Got an ichor-stained troll leather armour
 55967 | Depths:5 | Identified the +1 troll leather armour of Kikubaaqudgha's Anger {rC+ Regen+} (You found it on level 5 of the Depths)
 56538 | Depths:5 | Reached skill level 10 in Spellcasting
 56541 | Depths:5 | Received a gift from Okawaru
 56556 | Depths:5 | Reached skill level 10 in Transmutations
 57252 | Depths:5 | Cast into level 4 of the Abyss (a Zot trap)
 57377 | Abyss:4  | Reached skill level 15 in Air Magic
 57483 | Abyss:4  | Gained mutation: You occasionally shout uncontrollably at your foes. [a neqoxec]
 57520 | Abyss:4  | Reached XP level 26. HP: 147/266 MP: 29/30
 57743 | Abyss:4  | Paralysed by accursed screaming for 1 turns
 57803 | Abyss:4  | Received a gift from Okawaru
 57810 | Abyss:4  | Got a faintly glowing cloak {god gift}
 57811 | Abyss:4  | Identified the +1 cloak "Zabacw" {-Tele Int+4 Dex+2} (Okawaru gifted it to you on level 4 of the Abyss)
 58559 | Abyss:4  | Gained mutation: You expend magic power (3 MP) to strengthen your wands. [a neqoxec]
 58614 | Abyss:4  | Reached skill level 15 in Earth Magic
 58671 | Abyss:4  | Gained mutation: You are occasionally teleported next to monsters. [a neqoxec]
 58677 | Abyss:4  | Paralysed by accursed screaming for 1 turns
 58692 | Abyss:4  | Paralysed by accursed screaming for 2 turns
 59197 | Abyss:4  | Paralysed by accursed screaming for 2 turns
 59202 | Abyss:4  | Paralysed by accursed screaming for 1 turns
 59296 | Abyss:4  | Received a gift from Okawaru
 59455 | Abyss:4  | Found a corrupted altar of Lugonu.
 59466 | Abyss:4  | Found a corrupted altar of Lugonu.
 59481 | Abyss:4  | Gained mutation: Potions and wands are less effective at restoring your health. [a neqoxec]
 59704 | Depths:5 | Escaped the Abyss
 60479 | Vaults:5 | Entered Level 5 of the Vaults
 60506 | Vaults:4 | Reached XP level 27. HP: 268/300 MP: 34/39
 60853 | Vaults:5 | Received a gift from Okawaru
 61158 | Vaults:5 | Noticed an ancient lich
 61178 | Vaults:5 | Killed an ancient lich
 61244 | Vaults:5 | Received a gift from Okawaru
 62045 | Vaults:5 | Got a pitted jade ring
 62050 | Vaults:5 | Identified the ring "Buobb" {*Drain Dex+8 Stlth+} (You took it off a yaktaur on level 5 of the Vaults)
 62256 | Vaults:5 | Got a spiked hat
 62262 | Vaults:5 | Got a silver rune of Zot
 62263 | Vaults:5 | Identified the +3 hat "Jadace Oruhy" {-Cast rC- rN++ MR+} (You found it on level 5 of the Vaults)
 62689 | Vaults:5 | Got a smoking cloak
 62690 | Vaults:5 | Identified the +0 cloak of the Kangaroo {Str+3 Dex+3 Stlth-} (You acquired it on level 5 of the Vaults)
 62875 | Vaults:5 | Got a pitted marble ring
 62893 | Vaults:5 | Identified the ring of Xutovvi {rCorr *Corrode Str+6 Stlth+} (You took it off a yaktaur captain on level 5 of the Vaults)
 62897 | Vaults:5 | Got a faintly glowing chain mail
 62898 | Vaults:5 | Identified the +2 chain mail "Buicleve" {rElec rN+ MP+9 Int+4} (You found it on level 5 of the Vaults)
 63384 | Slime:1  | Entered Level 1 of the Pits of Slime
 63410 | Slime:1  | Received a gift from Okawaru
 63415 | Slime:1  | Gained mutation: You are weak. (Str -2) [a shining eye]
 63427 | Slime:1  | Got a shimmering broad axe {god gift}
 63638 | Slime:1  | Gained mutation: You are sometimes teleported next to monsters. [a shining eye]
 63639 | Slime:1  | Lost mutation: Your mind is acute. (Int +2) [a shining eye]
 63640 | Slime:1  | Lost mutation: Your spells are a little harder to cast, but a little more powerful. [a shining eye]
 63699 | Slime:1  | Reached skill level 15 in Spellcasting
 63995 | Slime:3  | Gained mutation: You are clumsy. (Dex -2) [a shining eye]
 64037 | Slime:5  | Entered Level 5 of the Pits of Slime
 64794 | Slime:4  | Received a gift from Okawaru
 65255 | Slime:5  | Gained mutation: You tend to lose your temper in combat. [a shining eye]
 65442 | Slime:5  | Noticed the Royal Jelly
 65454 | Slime:5  | Killed the Royal Jelly
 65746 | Slime:5  | Gained mutation: You sometimes yell uncontrollably at your foes. [a shining eye]
 66169 | Slime:5  | Got a polished helmet
 66177 | Slime:5  | Got a slimy rune of Zot
 66206 | Slime:5  | Identified the Guide on Poisoning and the Blaze
 66208 | Slime:5  | Identified the +2 helmet "Exzitira" {rElec Dex-5 Slay+4} (You found it on level 5 of the Pits of Slime)
 66210 | Slime:5  | Identified the +3 broad axe of the Big Fish {chop, rC+ rN+ Int+2 Stlth+} (Okawaru gifted it to you on level 1 of the Pits of Slime)
 66217 | Slime:5  | Identified the Guide on the Creative Birds
 66226 | Slime:5  | Learned a level 6 spell: Deflect Missiles
 66243 | Slime:5  | Got a dazzling morningstar
 66252 | Slime:5  | Got an ichor-stained leather armour
 66365 | Slime:4  | Received a gift from Okawaru
 66646 | Slime:5  | Identified the +4 leather armour of Forking Paths {rN+ Stlth+} (You found it on level 5 of the Pits of Slime)
 66647 | Slime:5  | Identified the +5 morningstar "Sigock" {drain, rN+} (You found it on level 5 of the Pits of Slime)
 67018 | Crypt:1  | Entered Level 1 of the Crypt
 67022 | Crypt:1  | Upgraded the game from 0.20-a0-258-gf5ffb0e to 0.20-a0-261-gcb1eca7
 67268 | Temple   | Fell from the grace of Okawaru
 67268 | Temple   | Became a worshipper of Cheibriados the Contemplative
 67780 | Crypt:1  | Noticed a greater mummy
 67782 | Crypt:1  | Noticed Khufu
 67783 | Crypt:1  | Noticed a greater mummy
 67795 | Crypt:1  | Killed a greater mummy
 67795 | Crypt:1  | Reached * piety under Cheibriados
 67806 | Crypt:1  | Killed Khufu
 67811 | Crypt:1  | Gained mutation: You are very clumsy. (Dex -4) [a neqoxec]
 67818 | Crypt:1  | Killed a greater mummy
 68757 | Crypt:1  | Reached ** piety under Cheibriados
 69287 | Crypt:2  | Got a twisted morningstar
 69338 | Crypt:2  | Reached skill level 5 in Invocations
 69625 | Crypt:2  | Reached *** piety under Cheibriados
 69890 | Crypt:2  | Lost mutation: Your flesh is cold resistant. (rC+) [potion of cure mutation]
 69890 | Crypt:2  | Lost mutation: You are weak. (Str -2) [potion of cure mutation]
 69890 | Crypt:2  | Lost mutation: You are very clumsy. (Dex -4) [potion of cure mutation]
 69890 | Crypt:2  | Lost mutation: Your tail ends in a poisonous barb. [potion of cure mutation]
 69891 | Crypt:2  | Lost mutation: You expend magic power (3 MP) to strengthen your wands. [potion of cure mutation]
 69891 | Crypt:2  | Lost mutation: Potions and wands are less effective at restoring your health. [potion of cure mutation]
 69891 | Crypt:2  | Lost mutation: You sometimes yell uncontrollably at your foes. [potion of cure mutation]
 69891 | Crypt:2  | Lost mutation: You are robust. (+10% HP) [potion of cure mutation]
 69980 | Crypt:3  | Entered Level 3 of the Crypt
 70547 | Crypt:3  | Found a basalt altar of Yredelemnul.
 70563 | Crypt:3  | Reached **** piety under Cheibriados
 70732 | Crypt:3  | Noticed Margery
 70752 | Crypt:3  | Killed Margery
 70775 | Crypt:3  | Reached ***** piety under Cheibriados
 70795 | Crypt:3  | Noticed Xtahua
 70805 | Crypt:3  | Reached skill level 10 in Invocations
 70810 | Crypt:3  | Killed Xtahua
 70812 | Crypt:3  | Noticed Jory
 70826 | Crypt:3  | Killed Jory
 70934 | Crypt:3  | Identified the +10 morningstar "Kumposul" {freeze, rC+ Str+3} (You found it on level 2 of the Crypt)
 70938 | Crypt:3  | Got a heavily runed chain mail
 70939 | Crypt:3  | Identified the +8 chain mail of the Imp {Str+2} (You found it on level 3 of the Crypt)
 70943 | Crypt:3  | Identified the Reference Book on Necromancy
 71028 | Crypt:3  | Got a pitted lead ring
 71461 | Crypt:3  | Found a staircase to the Tomb.
 71563 | Crypt:3  | Identified the Almanac of Freezing Black Magic
 71564 | Crypt:3  | Identified the ring of Due Proportion {rElec rN+ Int+4 Stlth+} (You took it off a vampire mage on level 3 of the Crypt)
 71624 | Crypt:3  | Reached ****** piety under Cheibriados
 71683 | Crypt:3  | Learned a level 3 spell: Regeneration
 71712 | Crypt:3  | Identified Zirare Resip's Tome of Dusty Fire
 71733 | Crypt:3  | Got a slimy granite ring
 71735 | Crypt:3  | Got a shimmering iron ring
 71736 | Crypt:3  | Identified the ring "Efobefem" {rF+ rN+ Str+2 Int-4} (You found it on level 3 of the Crypt)
 71742 | Crypt:3  | Identified the ring of the Voivode {rN+ Str+4 Int+2} (You found it on level 3 of the Crypt)
 72301 | Tomb:1   | Entered Level 1 of the Tomb of the Ancients
 72727 | Tomb:1   | Noticed an ancient lich
 72728 | Tomb:1   | Noticed a greater mummy
 72733 | Tomb:1   | Killed an ancient lich
 72743 | Tomb:1   | Killed a greater mummy
 72980 | Tomb:1   | Noticed a greater mummy
 72985 | Tomb:1   | Noticed a greater mummy
 72989 | Tomb:1   | Noticed a greater mummy
 73175 | Tomb:1   | Noticed a greater mummy
 73186 | Tomb:1   | Noticed a greater mummy
 73187 | Tomb:1   | Noticed a greater mummy
 73189 | Tomb:1   | Was forgiven by Okawaru
 73556 | Tomb:1   | Killed a greater mummy
 73711 | Tomb:1   | Noticed a greater mummy
 73717 | Tomb:1   | Killed a greater mummy
 73718 | Tomb:1   | Noticed a greater mummy
 73721 | Tomb:1   | Noticed a greater mummy
 73725 | Tomb:1   | Noticed a greater mummy
 73726 | Tomb:1   | Killed a greater mummy
 74303 | Tomb:2   | Noticed an ancient lich
 74303 | Tomb:2   | Noticed a greater mummy
 74303 | Tomb:2   | Noticed a greater mummy
 74303 | Tomb:2   | Noticed a greater mummy
 74313 | Tomb:1   | Killed an ancient lich
 74317 | Tomb:1   | Killed a greater mummy
 74318 | Tomb:1   | Killed a greater mummy
 74594 | Tomb:1   | Killed a greater mummy
 74772 | Tomb:2   | Reached skill level 15 in Invocations
 75300 | Tomb:1   | Noticed a greater mummy
 75302 | Tomb:1   | Killed a greater mummy
 75303 | Tomb:1   | Noticed a greater mummy
 75303 | Tomb:1   | Noticed a greater mummy
 75317 | Tomb:1   | Killed a greater mummy
 75318 | Tomb:1   | Noticed a greater mummy
 75322 | Tomb:1   | Noticed a greater mummy
 75327 | Tomb:2   | Killed a greater mummy
 75668 | Tomb:1   | Killed a greater mummy
 75669 | Tomb:1   | Killed a greater mummy
 75672 | Tomb:1   | Killed a greater mummy
 75771 | Tomb:1   | Noticed a greater mummy
 75783 | Tomb:1   | Killed a greater mummy
 75789 | Tomb:1   | Killed a greater mummy
 75818 | Tomb:1   | Killed a greater mummy
 75820 | Tomb:1   | Killed a greater mummy
 75843 | Tomb:1   | Noticed a greater mummy
 75857 | Tomb:1   | Killed a greater mummy
 75872 | Tomb:1   | Noticed a greater mummy
 75881 | Tomb:1   | Killed a greater mummy
 76220 | Tomb:1   | Noticed a greater mummy
 76225 | Tomb:1   | Killed a greater mummy
 76276 | Tomb:1   | Killed a greater mummy
 76315 | Tomb:1   | Killed a greater mummy
 76349 | Tomb:1   | Killed a greater mummy
 76840 | Tomb:3   | Entered Level 3 of the Tomb of the Ancients
 77127 | Tomb:3   | Noticed an ancient lich
 77129 | Tomb:3   | Noticed a greater mummy
 77131 | Tomb:3   | Noticed a greater mummy
 77452 | Tomb:3   | Noticed a greater mummy
 77452 | Tomb:3   | Noticed a greater mummy
 77453 | Tomb:3   | Noticed a greater mummy
 77454 | Tomb:3   | Noticed a greater mummy
 77461 | Tomb:2   | Killed an ancient lich
 77679 | Tomb:2   | Killed a greater mummy
 77682 | Tomb:2   | Killed a greater mummy
 77901 | Tomb:2   | Killed a greater mummy
 77955 | Tomb:3   | Noticed a greater mummy
 77955 | Tomb:3   | Killed a greater mummy
 77958 | Tomb:3   | Killed a greater mummy
 77959 | Tomb:3   | Killed a greater mummy
 77969 | Tomb:3   | Killed a greater mummy
 78254 | Tomb:3   | Noticed a greater mummy
 78258 | Tomb:3   | Killed a greater mummy
 78492 | Tomb:3   | Got a golden rune of Zot
 78649 | Tomb:3   | Got a fine large shield
 78660 | Tomb:3   | Identified the +7 large shield of Melel {Stlth+} (You acquired it on level 3 of the Tomb of the Ancients)
 78680 | Tomb:3   | Got a glittering bronze ring
 78681 | Tomb:3   | Identified the ring "Uneschayw" {rPois rC+ MR- Int+4} (You found it on level 3 of the Tomb of the Ancients)
 78686 | Tomb:3   | Got a scorched marble ring
 78687 | Tomb:3   | Identified the ring "Awkyfa" {rF+ rN+ Str+6 Stlth+} (You found it on level 3 of the Tomb of the Ancients)
 78691 | Tomb:3   | Identified the Papyrus of Congealing Flight
 78722 | Tomb:3   | Learned a level 6 spell: Invisibility
 78731 | Tomb:3   | Learned a level 8 spell: Controlled Blink
 79292 | Vaults:1 | Bought a potion of mutation for 30 gold pieces
 79292 | Vaults:1 | Bought a potion of mutation for 30 gold pieces
 79292 | Vaults:1 | Gained mutation: You evolve. [potion of mutation]
 79292 | Vaults:1 | Gained mutation: You are resistant to hostile enchantments. (MR+) [potion of mutation]
 79293 | Vaults:1 | Lost mutation: You tend to lose your temper in combat. [potion of mutation]
 79293 | Vaults:1 | Gained mutation: Your body sometimes deteriorates upon taking damage. [potion of mutation]
 79536 | Depths:2 | Gained mutation: Your flesh is heat resistant. (rF+) [evolution]
 79536 | Depths:2 | Lost mutation: You evolve. [end of evolution]
 79585 | Depths:2 | Voluntarily entered the Abyss.
 79643 | Depths:2 | Escaped the Abyss
 80175 | Depths:2 | Upgraded the game from 0.20-a0-261-gcb1eca7 to 0.20-a0-263-g81abdfb
 80176 | Depths:2 | Voluntarily entered the Abyss.
 80304 | Abyss:1  | Paralysed by accursed screaming for 1 turns
 80311 | Abyss:1  | Paralysed by accursed screaming for 1 turns
 80370 | Abyss:1  | Found a corrupted altar of Lugonu.
 80396 | Abyss:1  | Lost mutation: You have a pair of antennae on your head. [a neqoxec]
 80400 | Abyss:1  | Gained mutation: Your magical capacity is low. (-10% MP) [a neqoxec]
 80455 | Abyss:2  | Found a deep blue altar of Sif Muna.
 80457 | Abyss:3  | Found a corrupted altar of Lugonu.
 80651 | Abyss:3  | Got an abyssal rune of Zot
 80881 | Depths:2 | Escaped the Abyss
 80969 | Hell     | Entered the Vestibule of Hell
 80969 | Hell     | Noticed Geryon
 81034 | Hell     | Killed Geryon
 81265 | Hell     | Found a gateway to the freezing wastes of Cocytus.
 81393 | Hell     | Found a gateway to the decaying netherworld of Tartarus.
 81474 | Hell     | Found a gateway to the ashen valley of Gehenna.
 81585 | Hell     | Found a gateway to the Iron City of Dis.
 81790 | Zot:1    | Entered Level 1 of the Realm of Zot
 81831 | Zot:1    | Reached skill level 1 in Necromancy
 83159 | Zot:2    | Reached skill level 5 in Necromancy
 83842 | Zot:2    | Reached skill level 27 in Earth Magic
 84719 | Zot:3    | Reached skill level 1 in Conjurations
 85106 | Zot:4    | Noticed Tiamat
 85141 | Zot:4    | Killed Tiamat
 85581 | Zot:4    | Got a smoking tin ring
 85612 | Zot:4    | Identified the ring "Wingor" {rCorr rElec MP-9 Str-3 SInv} (You found it on level 4 of the Realm of Zot)
 85615 | Zot:4    | Got a heavily runed cloak
 85616 | Zot:4    | Identified the +2 cloak "Javok" {*Corrode Int+4 Slay+3} (You took it off a draconian monk on level 4 of the Realm of Zot)
 85889 | Zot:4    | Reached skill level 5 in Conjurations
 86220 | Zot:4    | Identified Uthrum's Almanac of Flames and Flight
 86825 | Zig:1    | Entered Level 1 of a ziggurat
 86878 | Zig:1    | Got a dazzling cloak
 86879 | Zig:1    | Identified the +0 cloak of Zuebujaj {rPois} (You acquired it on level 1 of a ziggurat)
 86888 | Zig:2    | Entered Level 2 of a ziggurat
 86888 | Zig:2    | Noticed Hohi the pandemonium lord
 86925 | Zig:2    | Killed Hohi the pandemonium lord
 87013 | Zig:3    | Entered Level 3 of a ziggurat
 87022 | Zig:3    | Reached skill level 5 in Stealth
 87034 | Zig:4    | Entered Level 4 of a ziggurat
 87065 | Zig:4    | Got a pitted tin ring
 87068 | Zig:4    | Got a faintly humming ring mail
 87073 | Zig:4    | Identified the ring "Vig Vubo" {rPois Int+3} (You found it on level 4 of a ziggurat)
 87086 | Zig:4    | Identified the +2 ring mail of Activism {Str+7} (You found it on level 4 of a ziggurat)
 87100 | Zig:5    | Entered Level 5 of a ziggurat
 87102 | Zig:5    | Noticed a juggernaut
 87123 | Zig:5    | Killed a juggernaut
 87378 | Zig:6    | Entered Level 6 of a ziggurat
 87416 | Zig:6    | Got a translucent bronze ring
 87428 | Zig:6    | Identified the ring of Osediet {*Slow rElec MR+ MP-9 SInv} (You found it on level 6 of a ziggurat)
 87542 | Zig:7    | Entered Level 7 of a ziggurat
 87586 | Zig:7    | Got a brightly glowing chain mail
 87599 | Zig:7    | Identified the cursed +1 chain mail "Hiohe" {Dex+5} (You found it on level 7 of a ziggurat)
 87696 | Zig:8    | Entered Level 8 of a ziggurat
 87989 | Zig:9    | Entered Level 9 of a ziggurat
 88062 | Zig:9    | Reached skill level 10 in Stealth
 88062 | Zig:9    | Reached skill level 5 in Evocations
 88103 | Zig:10   | Entered Level 10 of a ziggurat
 88163 | Zig:10   | Lost mutation: You have a pair of small antennae on your head. [potion of cure mutation]
 88163 | Zig:10   | Lost mutation: Your magical capacity is low. (-10% MP) [potion of cure mutation]
 88163 | Zig:10   | Lost mutation: You are clumsy. (Dex -2) [potion of cure mutation]
 88163 | Zig:10   | Lost mutation: You occasionally shout uncontrollably at your foes. [potion of cure mutation]
 88163 | Zig:10   | Lost mutation: Your body sometimes deteriorates upon taking damage. [potion of cure mutation]
 88216 | Zig:11   | Entered Level 11 of a ziggurat
 88382 | Zig:12   | Entered Level 12 of a ziggurat
 88633 | Zig:12   | Noticed Ziop the pandemonium lord
 88649 | Zig:12   | Noticed Laugh the pandemonium lord
 88650 | Zig:12   | Killed Ziop the pandemonium lord
 88676 | Zig:12   | Killed Laugh the pandemonium lord
 88713 | Zig:12   | Reached skill level 15 in Shields
 89428 | Zig:12   | Identified the Tome of the Arsonist and Dislocation
 89478 | Zig:13   | Entered Level 13 of a ziggurat
 89513 | Zig:13   | Identified the Disquisition on Execration and Contamination
 89521 | Zig:13   | Got a pitted iron ring
 89522 | Zig:13   | Identified the ring "Fisy" {rN++ SInv} (You found it on level 13 of a ziggurat)
 89529 | Zig:13   | Got a translucent iron ring
 89531 | Zig:13   | Identified the ring of Sloth {rF+ Str-2 Int+6} (You found it on level 13 of a ziggurat)
 89648 | Zig:14   | Entered Level 14 of a ziggurat
 89662 | Zig:14   | Noticed an orb of fire
 89663 | Zig:14   | Noticed an orb of fire
 89666 | Zig:14   | Noticed an orb of fire
 89666 | Zig:14   | Gained mutation: You expend magic power (3 MP) to strengthen your wands. [an orb of fire]
 89666 | Zig:14   | Gained mutation: You are frail. (-10% HP) [an orb of fire]
 89667 | Zig:14   | Gained mutation: You occasionally shout uncontrollably at your foes. [an orb of fire]
 89671 | Zig:14   | Gained mutation: You are often teleported next to monsters. [an orb of fire]
 89673 | Zig:14   | Lost mutation: You are partially covered in molten scales. (AC +2) [an orb of fire]
 89674 | Zig:14   | Killed an orb of fire
 89674 | Zig:14   | Gained mutation: You are clumsy. (Dex -2) [an orb of fire]
 89677 | Zig:14   | Killed an orb of fire
 89687 | Zig:14   | Killed an orb of fire
 89688 | Zig:14   | Lost mutation: You are clumsy. (Dex -2) [potion of cure mutation]
 89688 | Zig:14   | Lost mutation: You occasionally shout uncontrollably at your foes. [potion of cure mutation]
 89688 | Zig:14   | Lost mutation: You expend magic power (3 MP) to strengthen your wands. [potion of cure mutation]
 89688 | Zig:14   | Lost mutation: You can translocate small distances at will. [potion of cure mutation]
 89688 | Zig:14   | Lost mutation: You are often teleported next to monsters. [potion of cure mutation]
 89704 | Zig:14   | Got a pitted plate armour
 89715 | Zig:14   | Identified the +2 plate armour "Tejaxev" {Str+6} (You found it on level 14 of a ziggurat)
 89800 | Zig:15   | Entered Level 15 of a ziggurat
 90164 | Zig:16   | Entered Level 16 of a ziggurat
 90186 | Zig:16   | Gained mutation: You occasionally shout uncontrollably at your foes. [a shining eye]
 90191 | Zig:16   | Gained mutation: You are partially covered in rugged brown scales. (AC +1, +3% HP) [a shining eye]
 90195 | Zig:16   | Gained mutation: You sometimes yell uncontrollably at your foes. [a shining eye]
 90195 | Zig:16   | Gained mutation: You tend to lose your temper in combat. [a shining eye]
 90215 | Zig:16   | Identified Igikatwo's Catalogue of Mutagenic Augmentations
 90246 | Zig:16   | Got a translucent golden ring
 90250 | Zig:16   | Identified the ring of Generosity {rPois rN+ MR- MP+9} (You found it on level 16 of a ziggurat)
 90259 | Zig:16   | Got shimmering shadow dragon scales
 90270 | Zig:16   | Identified the +8 shadow dragon scales of the Gate {*Contam +Inv rPois rN+ MR- Stlth++++} (You found it on level 16 of a ziggurat)
 90386 | Zig:17   | Entered Level 17 of a ziggurat
 90403 | Zig:17   | Noticed an ancient lich
 90405 | Zig:17   | Killed an ancient lich
 90453 | Zig:17   | Identified the Collected Works on Toxic Good Luck
 90601 | Zig:18   | Entered Level 18 of a ziggurat
 90648 | Zig:18   | Identified the Compendium of the Venomous Birds
 90659 | Zig:18   | Identified the Handbook of Lethal Talismans
 90677 | Zig:18   | Lost mutation: Your flesh is heat resistant. (rF+) [potion of cure mutation]
 90677 | Zig:18   | Lost mutation: You are resistant to hostile enchantments. (MR+) [potion of cure mutation]
 90685 | Zig:18   | Got a crude naga barding
 90696 | Zig:18   | Identified the +6 naga barding of Uskayaw's Benevolence {rCorr Int-3 Dex+3} (You acquired it on level 18 of a ziggurat)
 90710 | Zig:18   | Got a slimy platinum ring
 90712 | Zig:18   | Identified the ring "Qywag" {Dex+4 Stlth-} (You found it on level 18 of a ziggurat)
 90762 | Zig:19   | Entered Level 19 of a ziggurat
 90768 | Zig:19   | Noticed a greater mummy
 90769 | Zig:19   | Noticed a greater mummy
 90770 | Zig:19   | Noticed a greater mummy
 90771 | Zig:19   | Noticed a greater mummy
 90771 | Zig:19   | Noticed a greater mummy
 90772 | Zig:19   | Noticed a greater mummy
 90772 | Zig:19   | Reached skill level 15 in Stealth
 90772 | Zig:19   | Killed a greater mummy
 90772 | Zig:19   | Killed a greater mummy
 90772 | Zig:19   | Killed a greater mummy
 90773 | Zig:19   | Killed a greater mummy
 90773 | Zig:19   | Reached skill level 10 in Evocations
 90773 | Zig:19   | Killed a greater mummy
 90776 | Zig:19   | Noticed a greater mummy
 90777 | Zig:19   | Noticed a greater mummy
 90780 | Zig:19   | Killed a greater mummy
 90782 | Zig:19   | Killed a greater mummy
 90782 | Zig:19   | Killed a greater mummy
 90783 | Zig:19   | HP: 10/328 [guardian mummy's death curse (32)]
 91406 | Zig:19   | Got a bound diamond amulet
 91407 | Zig:19   | Identified the amulet of Midsummer {Faith rElec rPois} (You found it on level 19 of a ziggurat)
 91432 | Zig:19   | Identified the Almanac of Lightness and the Rocks
 91438 | Zig:19   | Identified Eckirof's Almanac of Snow and the Rocks
 91447 | Zig:20   | Entered Level 20 of a ziggurat
 91465 | Zig:20   | Gained mutation: You are dopey. (Int -2) [a cacodemon]
 91469 | Zig:20   | Noticed Leme the pandemonium lord
 91477 | Zig:20   | Killed Leme the pandemonium lord
 91730 | Zig:20   | Identified the Guide on Glacial Shape Shifting
 91758 | Zig:21   | Entered Level 21 of a ziggurat
 92263 | Zig:21   | Got a crude copper ring
 92264 | Zig:21   | Identified the ring "Sasiveg" {rPois Slay+2} (You found it on level 21 of a ziggurat)
 92274 | Zig:21   | Got a brightly glowing chain mail
 92275 | Zig:21   | Identified the +0 chain mail of Gozag's Regard {Str+3} (You found it on level 21 of a ziggurat)
 92280 | Zig:21   | Got a faintly glowing plate armour
 92281 | Zig:21   | Identified the +5 plate armour of Astaicko {Str-4 Int+6 Dex+3 Stlth+} (You found it on level 21 of a ziggurat)
 92297 | Zig:22   | Entered Level 22 of a ziggurat
 92313 | Zig:22   | Gained mutation: You are very frail. (-20% HP) [a neqoxec]
 92323 | Zig:22   | Noticed an ancient lich
 92328 | Zig:22   | Killed an ancient lich
 92328 | Zig:22   | Reached skill level 15 in Dodging
 92334 | Zig:22   | Gained mutation: Your magical capacity is low. (-10% MP) [a cacodemon]
 92626 | Zig:22   | Identified Eghontu's Volume of Boosts and Stones
 92671 | Zig:22   | Got a sparkling silver ring
 92672 | Zig:22   | Identified the ring of Agiocs {+Fly rF- Str+2 Stlth+} (You found it on level 22 of a ziggurat)
 92676 | Zig:22   | Got a pitted wooden ring
 92677 | Zig:22   | Identified the ring of Zablacou {Dex+2 Slay+3} (You found it on level 22 of a ziggurat)
 92687 | Zig:22   | Lost mutation: You are very frail. (-20% HP) [potion of cure mutation]
 92687 | Zig:22   | Lost mutation: You are sometimes teleported next to monsters. [potion of cure mutation]
 92687 | Zig:22   | Lost mutation: You tend to lose your temper in combat. [potion of cure mutation]
 92687 | Zig:22   | Lost mutation: You are dopey. (Int -2) [potion of cure mutation]
 92689 | Zig:22   | Got a brightly glowing jade ring
 92690 | Zig:22   | Identified the ring "Zatynkir" {AC+2 Int+8} (You found it on level 22 of a ziggurat)
 92728 | Zig:23   | Entered Level 23 of a ziggurat
 92737 | Zig:23   | Noticed Ylaess the pandemonium lord
 92741 | Zig:23   | Killed Ylaess the pandemonium lord
 93441 | Zig:23   | Identified the Catalogue of Snow and Poison
 93450 | Zig:23   | Got a clouded ruby amulet
 93453 | Zig:23   | Identified the amulet of Waixt {Harm *Drain Stlth+} (You found it on level 23 of a ziggurat)
 93465 | Zig:24   | Entered Level 24 of a ziggurat
 93501 | Zig:24   | Paralysed by accursed screaming for 2 turns
 93508 | Zig:24   | Paralysed by accursed screaming for 1 turns
 93512 | Zig:24   | Paralysed by accursed screaming for 2 turns
 93530 | Zig:24   | Paralysed by accursed screaming for 1 turns
 93996 | Zig:24   | Got a twitching tin ring
 94017 | Zig:24   | Identified the ring "Cimoe" {rN+ EV+5} (You found it on level 24 of a ziggurat)
 94022 | Zig:24   | Identified Sif Muna's Papyrus of the Glacier and Air
 94165 | Hell     | Upgraded the game from 0.20-a0-263-g81abdfb to 0.20-a0-266-gdedccd6
 94166 | Geh:1    | Entered Level 1 of Gehenna
 94243 | Geh:2    | Noticed Eptagon's ghost (legendary DECj)
 94263 | Geh:2    | Killed Eptagon's ghost
 95184 | Geh:7    | Entered Level 7 of Gehenna
 95764 | Geh:7    | Got a steaming turquoise ring
 95765 | Geh:7    | Identified the ring "Neaqymm" {Wiz Dex+3 Stlth+} (You found it on level 7 of Gehenna)
 95828 | Geh:7    | Gained mutation: You tend to lose your temper in combat. [mutagenic glow]
 95854 | Geh:7    | Gained mutation: You are weak. (Str -2) [mutagenic glow]
 95875 | Geh:7    | Noticed Asmodeus
 95900 | Geh:7    | Killed Asmodeus
 95994 | Geh:7    | Got a glittering silver ring
 96006 | Geh:7    | Identified the ring "Leipot" {Wiz MR+ MP+9} (You found it on level 7 of Gehenna)
 96021 | Geh:7    | Got a coiled steel amulet
 96044 | Geh:7    | Got an obsidian rune of Zot
 96070 | Geh:7    | Reached skill level 15 in Evocations
 96086 | Geh:7    | Identified the amulet of Ecwez {Spirit +Fly rC++} (You found it on level 7 of Gehenna)
 96213 | Geh:7    | Got a faintly glowing ring mail
 96397 | Geh:7    | Paralysed by an eldritch tentacle for 3 turns
 96667 | Hell     | Identified the +1 ring mail of the Loofah {Int+4} (You found it on level 7 of Gehenna)
 96725 | Tar:1    | Entered Level 1 of Tartarus
 96786 | Tar:1    | Reached skill level 27 in Fighting
 97133 | Tar:5    | Reached skill level 27 in Air Magic
 97209 | Tar:6    | Gained mutation: You are very weak. (Str -4) [mutagenic glow]
 97234 | Tar:6    | Gained mutation: You are very frail. (-20% HP) [mutagenic glow]
 97253 | Tar:6    | Gained mutation: You regenerate slowly when monsters are visible. [mutagenic glow]
 97313 | Tar:7    | Entered Level 7 of Tartarus
 97658 | Tar:7    | Identified the Grimoire of Supportive Arcane Weapons
 97666 | Tar:7    | Got a smoking steel ring
 97667 | Tar:7    | Identified the ring "Meagh" {rF+ Int+4 Stlth+} (You found it on level 7 of Tartarus)
 98201 | Tar:7    | Noticed Ereshkigal
 98235 | Tar:7    | Killed Ereshkigal
 98277 | Tar:7    | Got a bone rune of Zot
 98316 | Tar:7    | Identified the Incunabulum of Ashen Shape Shifting
 98539 | Dis:1    | Entered Level 1 of the Iron City of Dis
100229 | Dis:7    | Entered Level 7 of the Iron City of Dis
100296 | Dis:7    | HP: 16/321 [war gargoyle/antimagic lajatang (19)]
100398 | Dis:7    | Gained mutation: You often lose your temper in combat. [mutagenic glow]
100420 | Dis:7    | Gained mutation: Your spells are a little easier to cast, but a little less powerful. [mutagenic glow]
100449 | Dis:7    | Gained mutation: You are clumsy. (Dex -2) [mutagenic glow]
100496 | Dis:7    | Reached skill level 27 in Spellcasting
101315 | Dis:7    | Got a jewelled broad axe {drain}
101348 | Dis:7    | Noticed Dispater
101363 | Dis:7    | Killed Dispater
101435 | Dis:7    | Got an iron rune of Zot
101852 | Zig:1    | Entered Level 1 of a ziggurat
101852 | Zig:1    | Noticed a greater mummy
101859 | Zig:1    | Killed a greater mummy
101875 | Zig:2    | Entered Level 2 of a ziggurat
101965 | Zig:3    | Entered Level 3 of a ziggurat
102021 | Zig:3    | Identified the +9 broad axe of the Lame Duck {drain, Str+3} (You took it off an iron imp on level 7 of the Iron City of Dis)
102024 | Zig:4    | Entered Level 4 of a ziggurat
102046 | Zig:4    | HP: 12/317 [Hell Sentinel/damnation (17)]
102047 | Zig:4    | Killed from afar by a Hell Sentinel

Vault maps used:
D:1:      wheals_arrival_shading
D:2:      tso_altar
D:4:      first_bread, uniq_natasha
D:6:      nicolae_overflow_hidden_temple, gup_sewer_entry_glass,
          kennysheep_boxes, uniq_grinder, uniq_prince_ribbit1
D:7:      basic_altar, uniq_pikel
D:8:      grunt_temple_overflow_growth_and_decay, the_bakery
D:9:      serial_shops, nicolae_shop_window_shopping
D:11:     lair_entry_dummy, david_orc_5, lab_entry_generic
D:13:     uniq_erolcha
D:14:     david_vaults_1, kennysheep_crisscross, serial_shops,
          nicolae_shop_waterfront, enter_bailey_3, hangedman_decor_lopped
D:15:     grunt_enter_depths_magical_seal, minmay_parallelograms, serial_shops,
          shop, grunt_ministairs_13
Temple:   nicolae_temple_no_exploring_needed
Lair:1:   lemuel_ratsnest
Lair:2:   minmay_snake_entry_guardpost_small, grunt_megastairs_4,
          infiniplex_staircase_pool, lemuel_fruit_fields,
          minmay_lair_oklob_chamber, uniq_gastronok
Lair:3:   minmay_swamp_entry_worms, serial_bayou_ford_a, guppyfry_lair_drakes
Lair:4:   st_stairs_9, grunt_megastairs_3, infiniplex_staircase_pool_2
Lair:6:   hangedman_lair_in_review, slime_altar_1, minmay_lindwurm_lava
Swamp:1:  evilmike_swamp_ruin_house_5, swamp_pool2
Swamp:2:  nicolae_swamp_feature_on_the_river_bank, swamp_pool4,
          nicolae_swamp_rocky_clearing, statue_in_the_mist_lemuel
Swamp:3:  hangedman_swamp_blocks, st_swamp_ruins_4
Swamp:4:  swamp, uniq_donald
Snake:1:  lemuel_fruit_tree, uniq_asterion, uniq_kirke
Snake:2:  serial_bayou_shore_b, uniq_vashnia, uniq_azrael
Snake:4:  snake_pit, uniq_roxanne
Orc:1:    uniq_josephine
Orc:2:    st_orc_open, trog_book, uniq_maurice
Elf:1:    eino_elf_arrival_customs, minmay_elf_necromancy,
          nicolae_alphabet_shops, hangedman_elven_pyramids
Elf:2:    serial_sigils_hangedman_gut, minivault_25,
          serial_sigils_hangedman_shear, minivault_26, nrook_uturn
Elf:3:    elf_hall, basic_altar
Vaults:1: vaults_room_grunt_arrival_ludios, nicolae_vaults_yaktaur_gun_rack,
          ontoclasm_vaults_gateway, v_misc_9, hangedman_vaults_stagger,
          vaults_dpeg_ring, ontoclasm_vaults_ring_square,
          grunt_vaults_hallway_long, nicolae_vaults_diagonal_hallway_8,
          v_rooms_2, ontoclasm_vaults_misaligned, nicolae_vaults_little_ls,
          nicolae_vaults_gold_heap, nicolae_vaults_little_squares_1,
          serial_shops, shop
Vaults:2: st_spiral_rooms, minmay_crypt_entry_simple_plaza,
          hangedman_vaults_hat, v_misc_17, v_alt_pattern_3, v_misc_18,
          v_rooms_6, ontoclasm_vaults_shuriken,
          hangedman_vaults_stretched_pinwheel, nicolae_vaults_what_the_h,
          vaults_room_semicircle, v_misc_19, v_misc_24, vaults_room_door_ring,
          serial_shops, bzr_in_the_mist
Vaults:3: nicolae_vaults_stairing_the_circle, nicolae_vaults_inception_scallops,
          v_misc_23, nicolae_vaults_quadrants, v_misc_26, v_misc_2,
          vaults_mumra_chevron, v_alt_pattern_4, ontoclasm_vaults_misaligned,
          ontoclasm_vaults_eye
Vaults:4: v_misc_27, nicolae_vaults_bisected_slash, vaults_room_door_ring,
          dpeg_vaults_monster_row, v_misc_23, v_misc_1,
          nicolae_vaults_little_squares_5, vaults_dpeg_cross,
          hangedman_vaults_nodes, v_misc_29, vaults_room_pool, vaults_mumra_hex,
          ontoclasm_vaults_ring_square, uniq_aizul, uniq_mennas
Crypt:1:  uniq_khufu
Crypt:3:  due_elkab, basic_altar, uniq_xtahua, uniq_margery
Depths:1: enter_ziggurat_f, serial_shops, kennysheep_mini, hell_entry,
          nicolae_twisting_strands, kennysheep_generic_room_9
Depths:2: minmay_nine_rooms, abyss_entry_small_statue_room, hell_entry,
          hangedman_decor_peaks_small, serial_sigils,
          serial_sigils_hangedman_writhe, serial_sigils_hangedman_shear,
          serial_sigils_hangedman_confine, serial_sigils_hangedman_quiver,
          uniq_saint_roka
Depths:3: cell_vault, hangedman_coc_ice_floe, rand_demon_pan_entry_8,
          kennysheep_inner_square
Depths:4: kennysheep_large_spiral, hangedman_geh_valley, abyss_entry_crystal,
          dk_noncrumbling_2, infiniplex_staircase_river,
          kennysheep_random_hallway, uniq_sojobo, uniq_enchantress
Depths:5: hangedman_pleasuredromes, hell_entry, abyss_entry
Dis:1:    hangedman_player_shredder
Dis:5:    hangedman_dis_decor_blocks_mantle, nicolae_dis_strange_trophy_room
Dis:6:    grunt_dis_stairs_iron_hall
Dis:7:    iron_city_of_dis, hangedman_dis_chains
Geh:1:    gehenna_fire_generator
Geh:2:    grunt_bruiser_brothers
Geh:3:    hangedman_gehenna_grave_pits
Geh:4:    door_vault
Geh:6:    lemuel_flamethrower_3
Geh:7:    geh_mu
Tar:2:    hangedman_tartarus_temple_path
Tar:7:    tar_grunt_cathedral
Zot:1:    lemuel_flame_loot_1
Zot:4:    st_large_dragon_hoard_2, uniq_tiamat
Abyss:4:  hangedman_abyss_stitches_cave, nicolae_abyss_rune_star_stuff,
          guppyfry_abyss_exit_imp_island, minivault_25
Zig:7:    ziggurat_pillar_centre_c
Zig:8:    ziggurat_pillar_centre_dead_trees
Zig:12:   ziggurat_pillar_centre_oklobs
Zig:23:   ziggurat_pillar_centre_drop
Lab:      labyrinth_mini_lab, labyrinth_glass_1
Bazaar:   bazaar_minmay_cross
Sewer:    sewer_co_purgy_island
Bailey:   bailey_polearm_4, bailey

Skill      XL: |  1  2  3  4  5  6  7  8  9 10 11 12 13 14 15 16 17 18 19 20 21 22 23 24 25 26 27 |
---------------+----------------------------------------------------------------------------------+-----
Axes           | 4 5 6 7 9 10 12 13 15 16 18 | 18.0
Armour         | 1 2 3 4 5 6 7 9 10 11 12 13 | 13.4
Dodging        | 3 4 5 6 7 8 9 10 11 12 15 | 15.0
Fighting       | 4 5 6 7 8 9 10 12 13 14 15 16 17 19 20 21 27 | 27.0
Shields        | 2 3 4 5 6 7 9 10 11 12 13 16 | 16.7
Invocations    | 2 3 15 | 15.4
Air Magic      | 4 6 7 8 10 11 12 13 15 16 27 | 27.0
Earth Magic    | 2 5 7 8 9 10 11 12 14 15 27 | 27.0
Transmutations | 2 4 6 8 10 | 10.2
Spellcasting   | 4 6 8 10 12 27 | 27.0
Necromancy     | 7 |  7.0
Conjurations   | 6 |  6.0
Stealth        | 16 | 16.0
Evocations     | 21 | 21.7

Action                   |  1- 3 |  4- 6 |  7- 9 | 10-12 | 13-15 | 16-18 | 19-21 | 22-24 | 25-27 || total
-------------------------+-------+-------+-------+-------+-------+-------+-------+-------+-------++-------
Melee: Hand axe          |    80 |   117 |   129 |       |       |       |       |       |       ||   326
       War axe           |       |       |   295 |  1092 |   231 |       |       |       |       ||  1618
       Short sword       |       |       |    17 |       |       |       |       |       |       ||    17
       Morningstar       |       |       |       |     8 |    71 |   172 |    82 |       |       ||   333
       Constrict         |       |       |       |       |   178 |   229 |   254 |   170 |  1168 ||  1999
       Broad axe         |       |       |       |       |   699 |  1020 |  1371 |  1212 |  7614 || 11916
       Tailslap          |       |       |       |       |       |       |    34 |   360 |   735 ||  1129
 Cast: Regeneration      |       |       |       |       |       |       |       |       |   182 ||   182
       Statue Form       |       |       |       |       |       |       |       |       |    93 ||    93
       Shatter           |       |       |       |       |       |       |       |       |    35 ||    35
       Bolt of Draining  |       |       |       |       |       |       |       |       |    34 ||    34
       Tornado           |       |       |       |       |       |       |       |       |    32 ||    32
       Deflect Missiles  |       |       |       |       |       |       |       |       |     4 ||     4
Invok: Heroism           |       |       |     3 |    14 |    25 |    20 |    19 |    14 |     8 ||   103
       Temporal Distorti |       |       |       |       |       |       |       |       |    65 ||    65
       Step From Time    |       |       |       |       |       |       |       |       |     2 ||     2
       Finesse           |       |       |       |       |       |       |       |       |     1 ||     1
 Abil: Spit Poison       |    20 |    51 |    63 |     5 |       |     3 |       |       |       ||   142
       Breathe Poison Ga |       |       |       |       |     4 |       |       |       |       ||     4
       Evoke Flight      |       |       |       |       |     2 |       |       |       |       ||     2
       End Transformatio |       |       |       |       |       |       |       |       |     3 ||     3
Evoke: Wand              |       |       |       |       |       |       |       |       |    14 ||    14
       Figurine of a zig |       |       |       |       |       |       |       |       |     1 ||     1
  Use: Scroll            |       |     5 |     8 |     5 |    18 |    13 |     9 |    11 |    74 ||   143
       Potion            |       |       |     4 |    14 |     5 |    13 |     3 |     1 |    60 ||   100
 Stab: Sleeping          |     1 |       |       |     6 |       |       |     1 |       |    33 ||    41
       Distracted        |       |       |       |     1 |       |       |       |     4 |    29 ||    34
       Petrified         |       |       |       |       |     3 |       |       |       |       ||     3
       Invisible         |       |       |       |       |       |     1 |       |       |     5 ||     6
       Confused          |       |       |       |       |       |     1 |       |       |       ||     1
  Eat: Chunk             |     2 |     7 |    18 |    28 |    27 |     8 |    24 |     3 |     7 ||   124
       Fruit             |       |     1 |       |     2 |     1 |     5 |       |       |    21 ||    30
       Beef jerky        |       |       |     1 |       |       |       |       |     8 |     9 ||    18
       Pizza             |       |       |       |       |     1 |     3 |     3 |     4 |     4 ||    15
       Royal jelly       |       |       |       |       |       |     5 |       |     1 |     7 ||    13
       Meat ration       |       |       |       |       |       |     1 |       |       |    19 ||    20
       Bread ration      |       |       |       |       |       |       |       |       |     4 ||     4
Armor: Robe              |     3 |       |       |       |       |       |       |       |       ||     3
       Ring mail         |    36 |    41 |   173 |   126 |       |   198 |   174 |       |       ||   748
       Chain mail        |       |       |       |   191 |   383 |   287 |   210 |   368 |       ||  1439
       Acid dragon scale |       |       |       |       |       |       |       |    51 |  2111 ||  2162
       Skin              |       |       |       |       |       |       |       |       |   495 ||   495
Dodge: Dodged            |    66 |   102 |   243 |   343 |   415 |   620 |   527 |   332 |  4241 ||  6889
       Deflected         |       |       |       |       |       |       |       |       |    39 ||    39
Block: Shield            |       |     5 |   190 |   406 |   544 |   797 |   983 |   865 |  7452 || 11242
       Rpst.: Broad axe  |       |       |       |       |       |       |       |       |   164 ||   164
